 Dungeon Crawl Stone Soup version 0.23-a0-207-g93a313e (webtiles) character file.

13219487 seren the Conqueror (level 27, 158/174 HPs)
             Began as a Vine Stalker Fighter on Sept 12, 2018.
             Was a Follower of Uskayaw.
             Escaped with the Orb
             ... and 14 runes on Sept 24, 2018!
             The game lasted 10:10:19 (105986 turns).

seren the Conqueror (Vine Stalker Fighter)        Turns: 105986, Time: 10:10:20

Health: 158/174    AC: 52    Str: 35    XL:     27
Magic:  41/41      EV: 21    Int: 10    God:    Uskayaw [*.....]
Gold:   9879       SH: 31    Dex: 17    Spells: 33/46 levels left

rFire    + . .     SeeInvis +   a - +9 rapier (elec)
rCold    + + .     Gourm    .   p - +3 large shield {reflect}
rNeg     + + +     Faith    +   i - +12 gold dragon scales
rPois    +         Spirit   +   z - +3 crown of Dyrovepreva {rElec Int+2 SInv}
rElec    +         Reflect  +   s - +2 cloak {MR+}
rCorr    +         Harm     .   I - +3 pair of gauntlets of War {Slay+5}
MR       ++++.                  Z - +2 pair of boots of Dogma {rElec rPois rN+}
Stlth    +.........             n - amulet of Laapp {Faith rC+}
HPRegen  1.19/turn              x - ring of Tomorrow {rN+ Str+4 Slay+3}
MPRegen  0.27/turn              w - ring "Imeak" {rCorr rN+}

@: no status effects
A: fangs 3, horns 1, see invisible, agile 1, regeneration 2, shaggy fur 1, magic
shield, antimagic bite, no potion heal 3, rot immunity, MP-powered wands
0: Orb of Zot
}: 14/15 runes: decaying, serpentine, slimy, silver, iron, obsidian, icy, bone,
abyssal, demonic, glowing, magical, fiery, dark
a: Stomp, Renounce Religion


You escaped.
You worshipped Uskayaw.
Uskayaw was extremely pleased with you.
You were completely stuffed.

You visited 17 branches of the dungeon, and saw 87 of its levels.
You visited Pandemonium 2 times, and saw 55 of its levels.
You visited the Abyss 2 times.
You visited 1 bazaar.
You also visited: Labyrinth, Sewer, Bailey and Ice Cave.

You collected 16645 gold pieces.
You spent 6766 gold pieces at shops.

Inventory:

Hand Weapons
 a - a +9 rapier of electrocution (weapon)
 b - a +9 eudemon blade of holy wrath
 m - the +5 long sword of the Madman {slice, +Blink rElec rF++ Stlth-}
   (You acquired it on level 2 of the Abyss)

   It inflicts extra damage upon your enemies.
   It greatly protects you from fire.
   It insulates you from electricity.
   It lets you blink.
   It makes you less stealthy.
 P - the +5 double sword "Eczealui" {freeze, *Rage rElec rC+}
   (You acquired it in Pandemonium)

   It has been specially enchanted to freeze those struck by it, causing extra
   injury to most foes and up to half again as much damage against particularly
   susceptible opponents.
   It can also slow down cold-blooded creatures.
   It protects you from cold.
   It insulates you from electricity.
   It may make you go berserk in combat.
Missiles
 Q - 11 throwing nets (quivered) {!f}
Armour
 i - +12 gold dragon scales (worn)
 p - a +3 large shield of reflection (worn)
 s - a +2 cloak of magic resistance (worn)
 z - the +3 crown of Dyrovepreva (worn) {rElec Int+2 SInv}
   (You found it on level 7 of Gehenna)

   It affects your intelligence (+2).
   It insulates you from electricity.
   It lets you see invisible.
 I - the +3 pair of gauntlets of War (worn) {Slay+5}
   (You found it in a labyrinth)

   It affects your accuracy and damage with ranged weapons and melee attacks
   (+5).
 Z - the +2 pair of boots of Dogma (worn) {rElec rPois rN+}
   (You found it on level 15 of the Dungeon)

   It insulates you from electricity.
   It protects you from poison.
   It protects you from negative energy.
Jewellery
 n - the amulet of Laapp (around neck) {Faith rC+}
   (You found it on level 3 of the Elven Halls)

   [amulet of faith]

   It allows you to gain divine favour quickly.
   It protects you from cold.
 o - the ring of Robustness {AC+8}
   (You found it on level 3 of the Crypt)

   [ring of protection]

   It affects your AC (+8).
 w - the ring "Imeak" (right hand) {rCorr rN+}
   (You took it off a rakshasa on level 3 of the Depths)

   [ring of resist corrosion]

   It protects you from negative energy.
 x - the ring of Tomorrow (left hand) {rN+ Str+4 Slay+3}
   (You found it on level 3 of the Crypt)

   [ring of positive energy]

   It affects your strength (+4).
   It affects your accuracy and damage with ranged weapons and melee attacks
   (+3).
   It protects you from negative energy.
 N - the ring "Xeif" {rCorr Str+6}
   (You found it in Pandemonium)

   [ring of resist corrosion]

   It affects your strength (+6).
 T - the ring "Plog" {MP+9 SInv}
   (You took it off a cherub in Pandemonium)

   [ring of magical power]

   It affects your magic capacity (+9).
   It lets you see invisible.
 U - the amulet "Ezutea" {rC+ Regen+ Str+4}
   (You found it on level 3 of the Crypt)

   [amulet of regeneration]

   It affects your strength (+4).
   It protects you from cold.
   It increases your rate of regeneration.
 W - the ring of Puggiguf {+Fly Str+2 Int+2}
   (You found it on level 5 of the Pits of Slime)

   [ring of flight]

   It affects your strength (+2).
   It affects your intelligence (+2).
   It lets you fly.
Wands
 e - a wand of digging (77)
 q - a wand of acid (81)
 B - a wand of scattershot (31)
Scrolls
 c - 7 scrolls of magic mapping
 l - 36 scrolls of remove curse
 u - 45 scrolls of identify
 y - 35 scrolls of teleportation {!r}
 C - 9 scrolls of fear
 E - 3 scrolls of immolation
 H - 4 scrolls of silence
 K - 6 scrolls of summoning
 M - 2 scrolls of holy word
 R - 7 scrolls of fog
 V - 9 scrolls of blinking {!r}
Potions
 g - 3 potions of haste
 h - 7 potions of agility
 k - 37 potions of curing
 D - 6 potions of might
 F - 6 potions of resistance
 G - 8 potions of magic
 J - 5 potions of cancellation
 O - 6 potions of flight
 S - 9 potions of berserk rage
 Y - 5 potions of invisibility
Miscellaneous
 d - 4 phantom mirrors
 j - a lamp of fire
 t - 10 boxes of beasts
 A - the horn of Geryon
 L - a phial of floods
Comestibles
 f - 79 rations


   Skills:
 O Level 27 Fighting
 - Level 18.0(20.0) Short Blades
 - Level 15.5(18.8) Long Blades
 - Level 21.0 Armour
 - Level 22.0 Dodging
 + Level 22.7 Stealth
 - Level 25.0 Shields
 - Level 10.0 Spellcasting
 - Level 19.0 Summonings
 - Level 10.0 Translocations
 + Level 26.9 Invocations
 - Level 16.0 Evocations


You had 33 spell levels left.
You knew the following spells:

 Your Spells              Type           Power        Failure   Level  Hunger
a - Summon Butterflies    Summ           #####...     1%          1    None
b - Apportation           Tloc           ####..       1%          1    None
c - Aura of Abjuration    Summ           #####.....   1%          5    #####..
d - Shadow Creatures      Summ           N/A          6%          6    #######

Your spell library contained the following spells:

 Spells                   Type           Power        Failure   Level  Hunger
 Summon Small Mammal      Summ           ####         1%          1    None
 Call Imp                 Summ           #####...     1%          2    None
 Call Canine Familiar     Summ           #####...     1%          3    ##.....
 Recall                   Summ/Tloc      N/A          1%          3    ##.....
 Summon Demon             Summ           #####.....   1%          5    #####..
 Blink                    Tloc           N/A          2%          2    None
 Gell's Gravitas          Tloc           ####......   4%          3    ##.....
 Lesser Beckoning         Tloc           ####......   4%          3    ##.....
 Teleport Other           Tloc           ####....     4%          3    ##.....
 Summon Guardian Golem    Hex/Summ       ###.....     5%          3    ##.....
 Summon Forest            Summ/Tloc      ####......   7%          5    #####..
 Shroud of Golubria       Chrm/Tloc      ###.......   19%         2    None
 Summon Ice Beast         Ice/Summ       ###.....     19%         4    ####...
 Summon Lightning Spire   Summ/Air       ###.....     19%         4    ####...
 Monstrous Menagerie      Summ           #####.....   32%         7    #######
 Summon Greater Demon     Summ           #####.....   32%         7    #######
 Summon Hydra             Summ           #####.....   32%         7    #######
 Portal Projectile        Hex/Tloc       ###...       34%         3    ##.....
 Summon Mana Viper        Hex/Summ       ###.....     45%         5    #####..
 Animate Skeleton         Necr           N/A          67%         1    None
 Beastly Appendage        Tmut           #.....       67%         1    None
 Confusing Touch          Hex            #.....       67%         1    None
 Corona                   Hex            #......      67%         1    None
 Flame Tongue             Conj/Fire      #....        67%         1    None
 Infusion                 Chrm           #...         67%         1    None
 Magic Dart               Conj           #...         67%         1    None
 Pain                     Necr           #...         67%         1    None
 Sandblast                Erth           #.....       67%         1    None
 Shock                    Conj/Air       #...         67%         1    None
 Sting                    Conj/Pois      #...         67%         1    None
 Force Lance              Conj/Tloc      ###.....     75%         4    ####...
 Corpse Rot               Necr           N/A          80%         2    None
 Ensorcelled Hibernation  Hex/Ice        #.....       80%         2    None
 Passwall                 Tmut/Erth      #.......     80%         2    None
 Poisonous Vapours        Pois/Air       #.....       80%         2    None
 Slow                     Hex            #.......     80%         2    None
 Song of Slaying          Chrm           #.......     80%         2    None
 Sticks to Snakes         Tmut           #.......     80%         2    None
 Sublimation of Blood     Necr           #.........   80%         2    None
 Swiftness                Chrm/Air       #.......     80%         2    None
 Throw Flame              Conj/Fire      #.....       80%         2    None
 Malign Gateway           Summ/Tloc      ####......   90%         7    #######
 Dispersal                Tloc           ####......   93%         6    #######
 Summon Horrible Things   Summ           #####.....   94%         8    #######
 Confuse                  Hex            #.......     95%         3    ##.....
 Conjure Flame            Conj/Fire      #.......     95%         3    ##.....
 Dazzling Spray           Conj/Hex       #.....       95%         3    ##.....
 Ignite Poison            Fire/Tmut/Pois #.......     95%         3    ##.....
 Inner Flame              Hex/Fire       #.......     95%         3    ##.....
 Mephitic Cloud           Conj/Pois/Air  #.......     95%         3    ##.....
 Regeneration             Chrm/Necr      #.........   95%         3    ##.....
 Spectral Weapon          Hex/Chrm       #.......     95%         3    ##.....
 Spider Form              Tmut/Pois      #.........   95%         3    ##.....
 Static Discharge         Conj/Air       #.......     95%         3    ##.....
 Stone Arrow              Conj/Erth      #.....       95%         3    ##.....
 Tukima's Dance           Hex            #.......     95%         3    ##.....
 Vampiric Draining        Necr           #.........   95%         3    ##.....
 Airstrike                Air            #.........   100%        4    ####...
 Animate Dead             Necr           N/A          100%        4    ####...
 Cause Fear               Hex            #.........   100%        4    ####...
 Ice Form                 Ice/Tmut       #.......     100%        4    ####...
 Leda's Liquefaction      Hex/Erth       #.........   100%        4    ####...
 Olgreb's Toxic Radiance  Pois           #.......     100%        4    ####...
 Petrify                  Tmut/Erth      #.......     100%        4    ####...
 Sticky Flame             Conj/Fire      #.......     100%        4    ####...
 Agony                    Necr           #.......     100%        5    #####..
 Alistair's Intoxication  Tmut/Pois      #.......     100%        5    #####..
 Blade Hands              Tmut           #.........   100%        5    #####..
 Bolt of Draining         Conj/Necr      #.........   100%        5    #####..
 Bolt of Magma            Conj/Fire/Erth #.........   100%        5    #####..
 Borgnjor's Vile Clutch   Necr/Erth      #.........   100%        5    #####..
 Fireball                 Conj/Fire      #.........   100%        5    #####..
 Irradiate                Conj/Tmut      #.........   100%        5    #####..
 Iskenderun's Battlesphe  Conj/Chrm      #.......     100%        5    #####..
 Lee's Rapid Deconstruct  Erth           #.........   100%        5    #####..
 Lightning Bolt           Conj/Air       #.........   100%        5    #####..
 Metabolic Englaciation   Hex/Ice        #.........   100%        5    #####..
 Silence                  Hex/Air        #.........   100%        5    #####..
 Venom Bolt               Conj/Pois      #.........   100%        5    #####..
 Yara's Violent Unravell  Hex/Tmut       #.........   100%        5    #####..
 Bolt of Cold             Conj/Ice       #.........   100%        6    #######
 Bolt of Fire             Conj/Fire      #.........   100%        6    #######
 Conjure Ball Lightning   Conj/Air       #.........   100%        6    #######
 Darkness                 Hex            #.........   100%        6    #######
 Death Channel            Necr           #.........   100%        6    #######
 Deflect Missiles         Chrm/Air       #.........   100%        6    #######
 Freezing Cloud           Conj/Ice/Air   #.........   100%        6    #######
 Hydra Form               Tmut           #.........   100%        6    #######
 Invisibility             Hex            #.......     100%        6    #######
 Iron Shot                Conj/Erth      #.........   100%        6    #######
 Ozocubu's Refrigeration  Ice            #.........   100%        6    #######
 Simulacrum               Ice/Necr       #.........   100%        6    #######
 Statue Form              Tmut/Erth      #........    100%        6    #######
 Dragon Form              Tmut           #.........   100%        7    #######
 Orb of Destruction       Conj           #.........   100%        7    #######
 Ring of Flames           Chrm/Fire      #.........   100%        7    #######
 Spellforged Servitor     Conj/Summ      ###.......   100%        7    #######
 Controlled Blink         Tloc           N/A          100%        8    #######
 Disjunction              Tloc           ####......   100%        8    #######
 Ignition                 Fire           #.........   100%        8    #######
 Dragon's Call            Summ           #####.....   100%        9    #######
 Tornado                  Air            #.........   100%        9    #######
 Passage of Golubria      Tloc           Unusable     N/A         4    N/A

Dungeon Overview and Level Annotations

Branches:
Dungeon (15/15)            Temple (1/1) D:5            Lair (6/6) D:8
  Swamp (4/4) Lair:3        Snake (4/4) Lair:3        Slime (5/5) Lair:6
    Orc (2/2) D:12            Elf (3/3) Orc:2        Vaults (5/5) D:14
  Crypt (3/3) Vaults:2       Tomb (0/3) Crypt:3      Depths (5/5) D:15
   Hell (1/1)                 Dis (7/7) Hell            Geh (7/7) Hell
    Coc (7/7) Hell            Tar (7/7) Hell            Zot (5/5) Depths:5

Altars:
Ashenzari
Cheibriados
Dithmenos
Elyvilon
Fedhas
Gozag
Hepliaklqana
Kikubaaqudgha
Makhleb
Nemelex Xobeh
Okawaru
Qazlal
Ru
Sif Muna
Trog
Uskayaw
Vehumet
Wu Jian
Xom
Yredelemnul
Zin
The Shining One
Beogh
Jiyva

Shops:
D:4 =*}   D:5 %   D:12 (   Orc:2 ([%*=   Elf:2 ?   Elf:3 *   Snake:3 [:
Vaults:1 =   Vaults:3 ??}}   Vaults:4 (}   Depths:3 !%=[:

Portals:
Hell: Depths:1 Depths:2 Depths:3 Depths:4 Depths:5
Abyss: Depths:4
Pandemonium: Depths:2 Depths:3
Ziggurat: Depths:2

Annotations:
D:9 exclusion: statue
Lair:5 exclusion: downstairs
Depths:3 exclusion: downstairs
Dis:6 exclusion: downstairs
Geh:1 6 runed doors


Innate Abilities, Weirdness & Mutations

You have razor-sharp teeth.
You heal very quickly.
When hurt, damage is shared between your health and your magic reserves.
Your bite disrupts and absorbs the magic of your enemies.
Potions cannot restore your health.
You are immune to rotting.
You have a pair of small horns on your head.
You have supernaturally acute eyesight. (SInv)
You are agile. (Dex +2)
You are covered in fur. (AC +1)
You expend magic power (3 MP) to strengthen your wands.


Message History

Lightning courses through the Orb Guardian!
You kill the Orb Guardian!
You can no longer pass through a line of other dancers.
There is a staircase leading out of the dungeon here.
Really quaff
r - 3 potions of mutation {!q}?
You feel extremely strange.
You feel robust.
Your thinking seems confused.
Your vision sharpens.
You feel stupid.
Your body twists and deforms.
You feel clever.
Really quaff
r - 2 potions of mutation {!q}?
You feel extremely strange.
Your body's shape seems more normal.
You feel healthier.
Your skeletal structure returns to normal.
Your urge to shout disappears.
You feel clever.
You feel frail. Fur sprouts all over your body.
Really quaff
r - a potion of mutation {!q}?
You feel extremely strange.
You feel stupid.
You feel robust.
You feel your magical essence link to your wands.
You feel agile. A pair of horns grows on your head!
You have escaped!

..........#....#######...........
..........#....##................
..........#....##................
........###....##...........#####
........# #....##......#.........
#######.# ###+#.#.#.###..........
#.....########.#.#.#.##..........
.......#....#.#.#.#.###..........
.....).#....##.#@#.#.###.........
...#...'....#.#.#.#.#.........###
.......#....##.#.#.#.........>...
.......#...##.#.#.#.#.......#####
#.....########.#.#.#+.......#
####### #####..........# ...#
##########.##### ...# #......
...# #######


There were no monsters in sight!

Vanquished Creatures
  Cerebov (Pan)
  Antaeus (Coc:7)
  Asmodeus (Geh:7)
  Dissolution (Slime:2)
  the Royal Jelly (Slime:5)
  Ereshkigal (Tar:7)
  the Serpent of Hell (Geh:7)
  Gloorx Vloq (Pan)
  A seraph (Pan)
  Lom Lobon (Pan)
  Mnoleg (Pan)
  Dispater (Dis:7)
  7 orbs of fire
  8 ancient liches
  10 pandemonium lords
  Mennas (Pan)
  A juggernaut (Depths:5)
  Frederick (Depths:4)
  Saint Roka (Elf:2)
  7 shard shrikes
  Xtahua (Vaults:4)
  5 Killer Klowns
  4 curse toes
  9 caustic shrikes
  Geryon (Hell)
  18 golden dragons
  41 Tzitzimimeh
  Nikola (Swamp:2)
  11 doom hounds
  2 pearl dragons (Pan)
  6 electric golems
  15 bone dragons
  8 iron giants
  29 Brimstone Fiends
  22 Hell Sentinels
  17 tentacled monstrosities
  A hellephant (Pan)
  15 Ice Fiends
  Rupert (Lair:6)
  Asterion (Snake:4)
  The ghost of Nar Nywk the Tortoise, an adept GrFi of Makhleb (Crypt:2)
  6 titans
  27 Orb Guardians
  15 liches
  2 deep elf master archers (Elf:3)
  2 deep elf blademasters (Elf:3)
  27 Executioners
  15 acid blobs
  4 death cobs
  6 quicksilver dragons
  10 ancient champions
  Kirke (D:15)
  3 eldritch tentacles
  4 tentacled starspawn
  23 shadow dragons
  Gastronok (D:8)
  6 sphinxes
  2 thorn hunters
  8 tengu reavers
  14 azure jellies
  17 storm dragons
  A revenant (Crypt:1)
  6 draconian monks
  23 vault wardens
  19 daevas (Pan)
  9 nagarajas
  15 frost giants
  18 iron dragons
  22 fire giants
  11 deep elf sorcerers
  4 orc warlords
  40 balrugs
  7 draconian scorchers
  23 cacodemons
  4 draconian shifters
  5 curse skulls
  3 ghost moths
  7 warmongers (Pan)
  3 ghouls
  8 draconian knights
  26 angels (Pan)
  6 draconian annihilators
  A juggernaut zombie (Depths:4)
  4 deep elf elementalists (Elf:3)
  12 ophanim (Pan)
  28 very ugly things
  2 draconian stormcallers
  25 ironheart preservers
  An entropy weaver (Vaults:4)
  4 spriggan defenders
  24 stone giants
  3 war gargoyles (Crypt:3)
  91 reapers
  7 green draconians
  10 corrupters (Pan)
  8 blood saints (Pan)
  3 elemental wellsprings
  13 vampire knights
  A dire elephant (D:15)
  23 black draconians
  A minotaur (Lab)
  12 white draconians
  7 deep elf demonologists
  26 apis (Pan)
  11 lorocyprocas
  12 black suns (Pan)
  13 deep elf annihilators
  12 deep elf death magi
  13 spark wasps
  10 yellow draconians
  16 red draconians
  28 green deaths
  9 eidola
  15 ettins
  10 purple draconians
  A merfolk impaler (Abyss:3)
  23 fire dragons
  8 death oozes (Slime:5)
  2 kraken zombies (Coc:1)
  11 quicksilver dragon zombies
  10 deep elf high priests
  40 blizzard demons
  16 great orbs of eyes
  Harold (D:8)
  2 quicksilver dragon skeletons
  2 jiangshi
  11 rakshasas
  12 monstrous demonspawn (Pan)
  33 ice dragons
  22 hydras
  16 naga warriors
  25 yaktaur captains
  2 juggernaut simulacra
  3 shambling mangroves
  13 centaur warriors
  35 vault guards
  10 spriggan air magi
  A ghost crab (Tar:1)
  17 anacondas
  7 hell beasts
  4 death knights
  22 ogre magi
  21 dancing weapons
  Erica (D:8)
  7 titan zombies
  7 orc high priests
  60 two-headed ogres
  15 alligators
  4 vampire magi
  11 deep troll shamans
  25 hell hogs
  9 tengu warriors
  10 deep troll earth magi
  8 spriggan berserkers
  Sonja (Lair:1)
  57 hell knights
  9 thrashing horrors
  88 sun demons
  A shock serpent (shapeshifter) (Depths:3)
  15 shock serpents
  9 naga sharpshooters
  5 storm dragon zombies
  20 deep elf knights
  65 soul eaters
  3 iron golems
  7 wretched stars
  17 iron trolls
  31 shadow wraiths
  110 skeletal warriors
  7 salamander mystics
  9 storm dragon skeletons
  35 sixfirhies
  A death drake (Tar:7)
  33 deep trolls
  4 golden dragon zombies
  4 ghost moth zombies
  14 unseen horrors
  53 large abominations
  16 anaconda zombies
  2 spatial maelstroms (Abyss:1)
  17 cherubim (Pan)
  14 gelid demonspawn (Pan)
  16 infernal demonspawn
  45 shadow demons
  A swamp dragon (shapeshifter) (Depths:4)
  An unseen horror (shapeshifter) (Vaults:3)
  2 quicksilver dragon simulacra
  10 swamp dragons
  19 deep elf archers
  10 flayed ghosts
  A kraken simulacrum (Hell)
  6 glowing orange brains
  22 phantasmal warriors
  6 torturous demonspawn (Pan)
  3 spriggan druids
  16 ironbrand convokers
  6 wolf spider zombies
  10 wizards
  13 anaconda skeletons
  5 harpies
  7 lindwurms
  21 orc knights
  4 golden dragon skeletons
  2 naga ritualists
  65 deep elf magi
  19 necromancers
  5 shadow dragon zombies
  4 stone giant zombies
  7 fire giant zombies
  13 mana vipers
  An orb spider (shapeshifter) (Depths:4)
  2 tengu skeletons
  54 ugly things
  6 wolf spiders
  2 shining eyes
  2 manticores
  11 frost giant zombies
  2 salamanders (shapeshifter) (Vaults:2)
  11 salamanders
  9 orc sorcerers
  8 iron dragon zombies
  A shining eye (shapeshifter) (D:14)
  31 moths of wrath
  3 worldbinders
  8 cyclopes
  8 elephants (Lair:5)
  9 guardian serpents
  4 stone giant skeletons
  An iron dragon skeleton (Coc:7)
  49 rust devils
  2 apocalypse crabs
  7 shadow dragon skeletons
  A moth of wrath (shapeshifter) (D:14)
  7 fire giant skeletons
  8 ice statues
  A centaur zombie (D:14)
  A toenail golem (Pan)
  14 molten gargoyles
  2 black mambas (shapeshifter)
  5 dire elephant zombies
  9 frost giant skeletons
  2 titan simulacra
  28 black mambas
  Maurice (D:8)
  25 naga magi
  12 vault sentinels
  An eye of devastation (shapeshifter) (Vaults:3)
  A shock serpent skeleton (Geh:7)
  29 spiny frogs
  Psyche (D:8)
  2 eyes of devastation
  57 smoke demons
  29 orange demons
  3 dire elephant skeletons
  28 hellions
  3 catoblepas zombies
  5 gargoyles
  A spiny frog (shapeshifter) (Elf:2)
  3 rime drakes
  8 komodo dragons
  63 tormentors
  75 yaktaurs
  7 efreet
  4 emperor scorpion zombies
  2 komodo dragons (shapeshifter)
  27 freezing wraiths
  44 ice devils
  12 demonic crawlers
  A kobold demonologist (D:8)
  3 catoblepas skeletons
  4 tengu conjurers
  5 guardian mummies
  25 hellwings
  3 ancient zymes (Abyss:1)
  A golden dragon simulacrum (IceCv)
  4 anaconda simulacra
  19 small abominations
  A yaktaur skeleton (Vaults:4)
  A death yak skeleton (Crypt:1)
  A silent spectre (Tar:3)
  3 harpy zombies
  2 queen bees (shapeshifter)
  81 red devils
  A troll (shapeshifter) (Vaults:2)
  A wandering mushroom (Lair:3)
  8 trolls
  Grinder (D:6)
  18 tyrant leeches
  8 hydra zombies
  A raiju (shapeshifter) (Abyss:3)
  6 alligator zombies
  3 hydra skeletons
  A harpy skeleton (Pan)
  9 ettin zombies
  14 hornets
  4 ice dragon zombies
  96 slime creatures
  14 bog bodies
  14 hippogriffs
  10 dream sheep
  2 fire dragon zombies
  15 raiju
  16 blink frogs (Lair:6)
  A fire giant simulacrum (Crypt:1)
  6 ettin skeletons
  2 ice dragon skeletons
  90 flying skulls
  3 air elementals
  2 redbacks (Vaults:4)
  32 starcursed masses
  9 spriggans
  A satyr skeleton (Crypt:1)
  7 alligator skeletons
  5 black mamba zombies
  11 water elementals
  32 shadows
  A dire elephant simulacrum (IceCv)
  A guardian serpent skeleton (Crypt:1)
  A tarantella (shapeshifter) (Depths:3)
  2 wyverns
  8 fire dragon skeletons
  An ushabti (Crypt:3)
  A spriggan (shapeshifter) (Vaults:4)
  5 vampires
  2 black mamba skeletons
  35 yaks
  35 wraiths
  A wyvern (shapeshifter) (Vaults:2)
  43 ynoxinuls
  3 hogs (D:15)
  7 basilisks
  27 neqoxecs
  7 hungry ghosts
  Eustachio (D:4)
  21 fire elementals
  2 golden eyes
  19 chaos spawn
  A soldier ant (D:12)
  2 spatial vortices
  A merfolk zombie (Crypt:3)
  25 vampire mosquitoes
  43 nagas
  5 wargs
  2 harpy simulacra
  A water nymph zombie (Crypt:2)
  2 acid dragons
  11 insubstantial wisps
  An iron troll simulacrum (IceCv)
  20 swamp worms
  A gelid demonspawn zombie (Dis:7)
  10 spiny frog zombies
  2 hydra simulacra (IceCv)
  11 water moccasins
  68 hell hounds
  6 porcupines
  Purgy (Sewer)
  2 monstrous demonspawn skeletons
  2 floating eyes
  7 phantoms
  A two-headed ogre skeleton (Crypt:2)
  13 swamp drakes
  65 orc warriors
  7 snapping turtle zombies
  4 swamp dragon zombies
  12 ice beasts
  4 sky beasts
  2 black bears (D:7)
  4 eyes of draining
  3 spiny frog skeletons
  16 necrophages
  A manticore skeleton (Crypt:2)
  An ogre (shapeshifter) (Depths:4)
  46 ogres
  An orc skeleton (Vaults:2)
  19 wolves
  12 boggarts
  3 manticore zombies
  4 snapping turtle skeletons
  2 swamp dragon skeletons
  16 centaurs
  2 elf skeletons
  3 human zombies
  7 crocodiles
  6 elf zombies
  3 big kobolds
  23 bullfrogs
  A bullfrog (shapeshifter) (Vaults:5)
  13 human skeletons
  3 earth elementals (Abyss:2)
  A wyvern skeleton (D:8)
  2 scorpions
  A troll zombie (Dis:2)
  A human simulacrum (Vaults:4)
  55 wights
  8 killer bees
  A spriggan skeleton (Tar:7)
  3 electric eels
  10 crimson imps
  3 bullfrog zombies
  31 orc priests
  2 jellies
  8 hounds
  2 quasits
  A bullfrog skeleton (D:10)
  A gnoll shaman (D:5)
  37 orc wizards
  A centaur skeleton (Geh:7)
  43 iron imps
  An iguana (D:5)
  6 worker ants
  6 lightning spires (Abyss:3)
  2 ogre zombies
  3 tengu zombies
  A deep dwarf skeleton (Crypt:2)
  23 mummies
  6 gnolls
  14 adders
  10 shadow imps
  8 white imps
  2 ufetubi
  2 adder zombies
  4 worms
  The ghost of glosham the Skirmisher, a weakling FoBe of Trog (D:15)
  2 dart slugs
  5 leopard geckos
  153 orcs
  6 giant cockroaches
  8 goblins
  9 hobgoblins
  6 jackals
  8 quokkas
  5 bats
  6 frilled lizards
  A gnoll skeleton (Crypt:2)
  A jackal skeleton (Crypt:1)
  18 kobolds
  2 leopard gecko skeletons
  A quokka skeleton (D:5)
  8 rats
  A butterfly (Lair:1)
  3 lurking horrors
  A plant (Lair:6)
  3 starspawn tentacles (Abyss:1)
  5 tentacles
  A withered plant (Crypt:3)
5324 creatures vanquished.

Vanquished Creatures (collateral kills)
  A cacodemon (Pan)
  A sun demon (Pan)
  An anaconda zombie (Dis:7)
  2 shining eyes
  A hornet (D:9)
  A harpy zombie (Dis:7)
  A red devil (Pan)
8 creatures vanquished.

Vanquished Creatures (others)
  A golden dragon (Zot:4)
  5 eldritch tentacles
  An elemental wellspring (Coc:7)
  A blizzard demon (Pan)
  2 green deaths (Pan)
  An ice dragon (Coc:1)
  An alligator (shapeshifter) (Vaults:5)
  A hell knight (Hell)
  2 unseen horrors (shapeshifter)
  2 wizards (Pan)
  A shock serpent zombie (Geh:7)
  A storm dragon simulacrum (Coc:7)
  A smoke demon (Pan)
  3 hellwings (Pan)
  2 hornets (D:9)
  A bog body (Swamp:4)
  A vampire mosquito (Swamp:4)
  A naga (Abyss:1)
  3 hell hounds (Geh:2)
  An orc warrior (Vaults:5)
  A necrophage (Geh:1)
  An iron imp (Dis:7)
  A worker ant (D:13)
  An ufetubus (Zot:5)
  A ball lightning (Pan)
  3 orcs
  3 briar patches (Swamp:4)
  19 fungi
  A lurking horror (Abyss:1)
  24 plants
  7 tentacles
  2 withered plants (Crypt:2)
96 creatures vanquished.

Grand Total: 5428 creatures vanquished

Notes
Turn   | Place    | Note
-------+----------+-------------------------------------------
     0 | D:1      | seren the Vine Stalker Fighter began the quest for the Orb.
     0 | D:1      | Reached XP level 1. HP: 11/11 MP: 2/2
    36 | D:1      | Reached XP level 2. HP: 16/16 MP: 3/3
   746 | D:1      | Reached XP level 3. HP: 19/19 MP: 4/4
   981 | D:2      | Reached skill level 3 in Fighting
  1500 | D:2      | Gained mutation: Your natural rate of healing is unusually
                  | fast. [Vine Stalker growth]
  1500 | D:2      | Reached XP level 4. HP: 24/24 MP: 5/5
  1669 | D:2      | Found a burning altar of Makhleb.
  2090 | D:3      | Found a shadowy altar of Dithmenos.
  2305 | D:3      | Noticed a bullfrog
  2314 | D:3      | Killed a bullfrog
  2314 | D:3      | Reached skill level 1 in Stealth
  2314 | D:3      | Reached XP level 5. HP: 23/28 MP: 6/6
  2559 | D:3      | Reached XP level 6. HP: 22/32 MP: 4/7
  2660 | D:3      | Found a shimmering altar of Xom.
  2661 | D:3      | Found a stormy altar of Qazlal.
  2674 | D:3      | Found an opulent altar of Gozag.
  2674 | D:3      | Found an ornate altar of the Wu Jian Council.
  2674 | D:3      | Found a shattered altar of Ashenzari.
  2754 | D:4      | Noticed Eustachio
  2879 | D:4      | Found a sparkling altar of Nemelex Xobeh.
  3030 | D:4      | Found Ywiurako's Assorted Antiques.
  3079 | D:4      | Killed Eustachio
  3079 | D:4      | Reached XP level 7. HP: 36/36 MP: 8/8
  3181 | D:4      | Found Wifott's Gadget Boutique.
  3311 | D:4      | Found Duiresir's Jewellery Shoppe.
  3380 | D:4      | Bought a smoking granite ring for 130 gold pieces
  3382 | D:4      | Identified the ring "Itram" {rF- Str-4 Dex+5 Slay+5 SInv}
                  | (You bought it in a shop on level 4 of the Dungeon)
  3396 | D:5      | Entered Level 5 of the Dungeon
  3555 | D:5      | Found a staircase to the Ecumenical Temple.
  3567 | Temple   | Entered the Ecumenical Temple
  4066 | D:5      | Found Heehira's Food Shoppe.
  4271 | D:5      | You fall through a shaft!
  4328 | D:6      | Found a glowing drain.
  4357 | Sewer    | Entered a sewer
  4452 | Sewer    | Noticed Purgy
  4463 | Sewer    | Killed Purgy
  4572 | D:6      | Reached skill level 4 in Fighting
  4604 | D:6      | Reached skill level 5 in Shields
  4604 | D:6      | Gained mutation: You have razor-sharp teeth. [Vine Stalker
                  | growth]
  4604 | D:6      | Reached XP level 8. HP: 42/42 MP: 9/9
  4618 | D:6      | Got a pitted hand axe
  4655 | D:6      | Identified the +7 hand axe "Boimu" {antimagic, +Blink rC+}
                  | (You found it on level 6 of the Dungeon)
  4879 | D:5      | Found a shimmering altar of Xom.
  5215 | D:6      | Found a shimmering altar of Xom.
  5491 | D:6      | Noticed Grinder
  5500 | D:6      | Reached skill level 5 in Short Blades
  5515 | D:6      | Killed Grinder
  5982 | D:7      | Reached skill level 1 in Evocations
  6036 | D:7      | Reached skill level 1 in Dodging
  6036 | D:7      | Reached XP level 9. HP: 44/46 MP: 9/11
  6769 | D:8      | Noticed Psyche
  6810 | D:8      | Reached skill level 5 in Fighting
  6990 | D:8      | Noticed Erica
  7003 | D:8      | Noticed Harold
  7019 | D:8      | Killed Erica
  7119 | D:8      | Killed Psyche
  7119 | D:8      | Reached XP level 10. HP: 51/51 MP: 13/13
  7197 | D:8      | Noticed Gastronok
  7313 | D:8      | Noticed Maurice
  7519 | D:8      | Reached skill level 5 in Armour
  7603 | D:8      | Found a staircase to the Lair.
  7805 | D:8      | Killed Harold
  7957 | D:9      | Found a hide-covered altar of Uskayaw.
  7968 | D:9      | Became a worshipper of Uskayaw the Reveler
  7977 | D:9      | Reached * piety under Uskayaw
  8035 | D:9      | Reached ** piety under Uskayaw
  8088 | D:9      | Reached *** piety under Uskayaw
  8097 | D:9      | Reached **** piety under Uskayaw
  8110 | D:9      | Reached ***** piety under Uskayaw
  8338 | D:9      | Noticed a kobold demonologist
  8535 | D:8      | Killed Maurice
  8535 | D:8      | Reached skill level 6 in Fighting
  8535 | D:8      | Reached skill level 5 in Stealth
  8634 | Lair:1   | Entered Level 1 of the Lair of Beasts
  8634 | Lair:1   | Noticed a six-headed hydra
  8751 | D:8      | Killed a kobold demonologist
  8798 | D:9      | Reached XP level 11. HP: 55/56 MP: 13/15
  8968 | D:9      | Found a radiant altar of Vehumet.
  9269 | D:10     | Entered Level 10 of the Dungeon
 10086 | D:11     | Reached skill level 5 in Evocations
 10183 | D:11     | Found a flagged portal.
 10193 | Bailey   | Entered a bailey
 10318 | D:11     | Noticed an unseen horror
 10327 | D:11     | Killed an unseen horror
 10341 | D:11     | Reached skill level 7 in Fighting
 10341 | D:11     | Gained mutation: You heal very quickly. [Vine Stalker
                  | growth]
 10341 | D:11     | Reached XP level 12. HP: 63/63 MP: 16/16
 10442 | D:11     | Reached skill level 10 in Shields
 10565 | D:11     | Reached skill level 1 in Invocations
 10637 | D:11     | Reached skill level 10 in Short Blades
 10743 | D:11     | Noticed a two-headed ogre
 10750 | D:11     | Killed a two-headed ogre
 11295 | D:8      | Killed Gastronok
 11295 | D:8      | Reached skill level 8 in Fighting
 11476 | D:8      | Killed a three-headed hydra
 11476 | D:8      | Reached XP level 13. HP: 66/68 MP: 18/18
 11588 | Lair:1   | Noticed Sonja
 11606 | Lair:1   | Killed Sonja
 12049 | Lair:1   | Identified a scroll of acquirement
 12070 | Lair:1   | Reached skill level 5 in Invocations
 12478 | Lair:2   | Reached skill level 9 in Fighting
 13304 | Lair:3   | Found a labyrinth entrance.
 13318 | Lab      | Entered a labyrinth
 14322 | Lab      | Noticed a minotaur
 14331 | Lab      | Killed a minotaur
 14347 | Lab      | Found the +3 pair of gauntlets of War {Slay+5}
 14348 | Lab      | Got a scorched ring mail
 14397 | Lab      | Identified the +3 ring mail of the Hanged Man {+Inv rElec
                  | rN+} (You found it in a labyrinth)
 15042 | Lair:3   | Found a staircase to the Swamp.
 15171 | Lair:3   | Found a staircase to the Snake Pit.
 15752 | Lair:4   | Reached XP level 14. HP: 58/76 MP: 13/19
 15915 | Lair:4   | Reached skill level 10 in Fighting
 16382 | Lair:5   | Reached ****** piety under Uskayaw
 17137 | Lair:6   | Entered Level 6 of the Lair of Beasts
 17150 | Lair:6   | Noticed Rupert
 17383 | D:12     | Found a roughly hewn altar of Beogh.
 17383 | D:12     | Found a staircase to the Orcish Mines.
 18123 | D:12     | Found Paamacota's Antique Weapon Boutique.
 18198 | Orc:1    | Entered Level 1 of the Orcish Mines
 18891 | Orc:2    | Entered Level 2 of the Orcish Mines
 18901 | Orc:2    | Noticed an orc warlord
 19212 | Orc:2    | Found a staircase to the Elven Halls.
 19333 | Orc:2    | Found Pyapriotesk's Food Shop.
 19788 | Orc:2    | Reached skill level 11 in Fighting
 20030 | Orc:2    | Reached XP level 15. HP: 51/82 MP: 13/22
 20180 | Orc:2    | Noticed an orc warlord
 20200 | Orc:2    | Killed an orc warlord
 20314 | Orc:2    | Found Qiviv's Antique Armour Shop.
 20315 | Orc:2    | Found Wicau's Antique Weapon Shop.
 20318 | Orc:2    | Found Tata's General Store.
 20318 | Orc:2    | Found Vahof's Jewellery Boutique.
 20461 | Orc:2    | Bought an embroidered cloak for 285 gold pieces
 20475 | Orc:2    | Bought a pair of runed boots for 285 gold pieces
 20578 | Orc:2    | Killed an orc warlord
 20980 | D:4      | Bought a lead wand for 104 gold pieces
 21472 | Lair:6   | Killed Rupert
 21609 | Lair:6   | Got a faintly humming ring mail
 21684 | Lair:5   | Identified the +5 ring mail "Nurov" {Str+5 Dex+4} (You
                  | found it on level 6 of the Lair of Beasts)
 21781 | Lair:6   | Found a runed door.
 21782 | Lair:6   | Found a viscous altar of Jiyva.
 21782 | Lair:6   | Noticed an acid blob
 21784 | Lair:6   | Found a staircase to the Slime Pits.
 22618 | Swamp:1  | Entered Level 1 of the Swamp
 22622 | Swamp:1  | Found the +4 dagger "Morg" {pain, MR+ Int+5}
 22861 | Swamp:1  | Noticed a thorn hunter
 23004 | Snake:1  | Entered Level 1 of the Snake Pit
 23097 | Snake:1  | Reached skill level 12 in Fighting
 23243 | Snake:1  | Reached skill level 10 in Invocations
 23459 | Snake:1  | Reached XP level 16. HP: 75/88 MP: 24/24
 24457 | Snake:2  | Found a shimmering altar of Xom.
 24988 | Snake:3  | Found Edesitz's Book Emporium.
 24988 | Snake:3  | Found Vepouw's Armour Shoppe.
 25932 | Snake:4  | Entered Level 4 of the Snake Pit
 25932 | Snake:4  | Noticed a nagaraja
 25936 | Snake:4  | Killed a nagaraja
 26061 | Snake:4  | Reached skill level 5 in Dodging
 26279 | Snake:4  | Noticed Asterion
 26518 | Snake:4  | Gained mutation: You are weak. (Str -2) [a cacodemon]
 26679 | Snake:4  | Noticed an Executioner
 26938 | Elf:1    | Entered Level 1 of the Elven Halls
 26952 | Elf:1    | Reached XP level 17. HP: 93/93 MP: 25/25
 27583 | Elf:1    | Identified the Tome of Black Rites
 28182 | Elf:2    | Found Aneir's Magic Scroll Emporium.
 28200 | Elf:2    | Bought a scroll of teleportation for 45 gold pieces
 28200 | Elf:2    | Bought a scroll of teleportation for 45 gold pieces
 28200 | Elf:2    | Bought a scroll of magic mapping for 52 gold pieces
 28298 | Elf:2    | Found a runed gate.
 28298 | Elf:2    | Found a runed gate.
 28299 | Elf:2    | Found a runed gate.
 28604 | Elf:2    | Found an ancient bone altar of Kikubaaqudgha.
 29018 | Elf:2    | Noticed Saint Roka
 29330 | Elf:2    | Bought a scroll of acquirement for 780 gold pieces
 29335 | Elf:2    | Found the +12 Vampire's Tooth {vamp}
 30195 | Elf:2    | Killed Saint Roka
 30195 | Elf:2    | Reached skill level 10 in Armour
 30903 | Swamp:1  | Reached XP level 18. HP: 98/98 MP: 28/28
 31387 | Swamp:2  | Noticed Nikola
 31937 | Swamp:2  | Killed Nikola
 32024 | Swamp:2  | Reached skill level 15 in Shields
 32448 | Swamp:3  | Found a frozen archway.
 32470 | IceCv    | Entered an ice cave
 32936 | IceCv    | Found the +8 mithril axe "Arga" {speed, MR+}
 33702 | Swamp:4  | Entered Level 4 of the Swamp
 34851 | Swamp:4  | Got a decaying rune of Zot
 35416 | D:13     | Reached XP level 19. HP: 102/103 MP: 29/29
 35532 | D:13     | Found a white marble altar of Elyvilon.
 35619 | D:13     | Reached skill level 10 in Stealth
 36401 | D:14     | Found a gate to the Vaults.
 36604 | D:15     | Entered Level 15 of the Dungeon
 36634 | D:15     | Noticed Kirke
 36651 | D:15     | Killed Kirke
 36651 | D:15     | Reached skill level 13 in Fighting
 36998 | D:15     | Found a runed door.
 37001 | D:15     | Noticed glosham's ghost (weakling FoBe)
 37012 | D:15     | Killed glosham's ghost
 37091 | D:15     | Got a pair of encrusted boots
 37092 | D:15     | Identified the +2 pair of boots of Dogma {rElec rPois rN+}
                  | (You found it on level 15 of the Dungeon)
 37390 | D:15     | Found a staircase to the Depths.
 37535 | Vaults:1 | Entered Level 1 of the Vaults
 37760 | Elf:3    | Entered Level 3 of the Elven Halls
 37907 | Elf:3    | Found Riesh's Assorted Antiques.
 38219 | Elf:3    | Noticed an Ice Fiend
 38240 | Elf:3    | Noticed an Ice Fiend
 38676 | Elf:3    | Reached XP level 20. HP: 80/110 MP: 31/31
 38677 | Elf:3    | Reached skill level 14 in Fighting
 39102 | Elf:3    | Identified Cilian's Handbook of the Voyage and Evil Arts
 39265 | Elf:3    | Identified Wetzionois's Volume of the Entourage and
                  | Darkness
 39272 | Elf:3    | Identified the Catalogue of Heat and Feathers
 39363 | Elf:3    | Got a sparkling crystal amulet
 39364 | Elf:3    | Identified the amulet of Laapp {Faith rC+} (You found it on
                  | level 3 of the Elven Halls)
 39536 | Elf:3    | Got a smoking battleaxe
 39537 | Elf:3    | Identified the +6 battleaxe "Ewkar" {chop, rPois Dex+3}
                  | (You found it on level 3 of the Elven Halls)
 39630 | Elf:2    | Bought a scroll of identify for 30 gold pieces
 39630 | Elf:2    | Bought a scroll of enchant armour for 112 gold pieces
 40130 | Vaults:1 | Found Mirghoq's Jewellery Shop.
 40138 | Vaults:1 | Bought a cursed amulet of inaccuracy for 30 gold pieces
 40138 | Vaults:1 | Bought a cursed ring of attention for 67 gold pieces
 40261 | Vaults:1 | Reached skill level 15 in Invocations
 41802 | Vaults:2 | Reached skill level 15 in Fighting
 41812 | Vaults:2 | Reached XP level 21. HP: 66/117 MP: 33/33
 42175 | Vaults:2 | Reached skill level 15 in Armour
 42842 | Vaults:2 | Found a staircase to the Crypt.
 43219 | Vaults:3 | Found Tackeuc's Gadget Shoppe.
 43228 | Vaults:3 | Found Aleozoa's Magic Scroll Boutique.
 43238 | Vaults:3 | Found Kysiedgh's Gadget Boutique.
 43245 | Vaults:3 | Found a flickering gateway to a bazaar.
 43299 | Bazaar   | Entered a bazaar
 43299 | Bazaar   | Found Wigus's Assorted Antiques.
 43299 | Bazaar   | Found Vehusuuc's Antique Weapon Shoppe.
 43299 | Bazaar   | Found Firaecs's Food Emporium.
 43299 | Bazaar   | Found Hiwidas's Antique Armour Emporium.
 43309 | Bazaar   | Bought a scroll labeled DUSCHUMA MEAZ for 26 gold pieces
 43315 | Bazaar   | Bought a scorched ring mail for 135 gold pieces
 43321 | Bazaar   | Bought a scroll of identify for 52 gold pieces
 43336 | Vaults:3 | Identified the cursed +0 ring mail "Ijorch" {rC+} (You
                  | bought it in a shop in a bazaar)
 43431 | Vaults:3 | Bought a scroll of teleportation for 42 gold pieces
 43431 | Vaults:3 | Bought a scroll of fog for 28 gold pieces
 43431 | Vaults:3 | Bought a scroll of teleportation for 42 gold pieces
 43431 | Vaults:3 | Bought a scroll of teleportation for 42 gold pieces
 43483 | Vaults:3 | Found Ubigamyu's Magic Scroll Shop.
 43500 | Vaults:3 | Bought a scroll of fog for 34 gold pieces
 43500 | Vaults:3 | Bought a scroll of teleportation for 51 gold pieces
 44166 | Vaults:3 | Reached XP level 22. HP: 123/123 MP: 34/34
 44748 | Vaults:4 | Reached skill level 10 in Evocations
 44978 | Vaults:4 | Reached skill level 16 in Fighting
 45069 | Vaults:4 | Found Toodghal's Gadget Shop.
 45124 | Vaults:4 | Found Byick's Antique Weapon Shop.
 45372 | Vaults:4 | Noticed Xtahua
 45382 | Vaults:4 | Killed Xtahua
 46365 | Snake:4  | Killed Asterion
 46585 | Snake:4  | Reached skill level 10 in Dodging
 46857 | Snake:4  | Reached XP level 23. HP: 103/130 MP: 35/35
 47070 | Snake:4  | Reached skill level 17 in Fighting
 47130 | Snake:4  | Got a serpentine rune of Zot
 47232 | Snake:4  | Upgraded the game from 0.23-a0-171-g5ae17c6 to
                  | 0.23-a0-175-g97aacdb
 48089 | Depths:1 | Entered Level 1 of the Depths
 48287 | Depths:1 | Found a gateway to Hell.
 49356 | Depths:2 | Found a gateway to a ziggurat.
 49893 | Depths:2 | Found a one-way gate leading to the halls of Pandemonium.
 50099 | Depths:2 | Reached skill level 15 in Short Blades
 50178 | Depths:2 | Reached XP level 24. HP: 136/136 MP: 36/36
 50366 | Depths:2 | Identified the cursed +1 robe "Lul Watt" {-Cast rF+ Int+7}
                  | (You found it on level 2 of the Depths)
 50681 | Depths:3 | Found Hoirch's Distillery.
 50732 | Depths:3 | Noticed a caustic shrike
 50736 | Depths:3 | Killed a caustic shrike
 50737 | Depths:3 | Noticed a caustic shrike
 50747 | Depths:3 | Killed a caustic shrike
 50759 | Depths:3 | Noticed a caustic shrike
 50773 | Depths:3 | Killed a caustic shrike
 50816 | Depths:3 | Noticed a caustic shrike
 50830 | Depths:3 | Killed a caustic shrike
 51490 | Depths:3 | Found Pipehi's Jewellery Shoppe.
 51521 | Depths:3 | Reached skill level 1 in Long Blades
 51529 | Depths:3 | Got a smoking iron ring
 51566 | Depths:2 | Identified the ring "Imeak" {rCorr rN+} (You took it off a
                  | rakshasa on level 3 of the Depths)
 51699 | Depths:3 | Noticed a caustic shrike
 51710 | Depths:3 | Killed a caustic shrike
 51869 | Depths:3 | Found Xomozen's Book Emporium.
 51896 | Depths:3 | Found Zauhiq's Antique Armour Emporium.
 52114 | Depths:3 | Bought a potion of cancellation for 160 gold pieces
 52114 | Depths:3 | Bought a potion of might for 80 gold pieces
 52114 | Depths:3 | Bought a potion of agility for 80 gold pieces
 52160 | Depths:3 | Reached skill level 5 in Long Blades
 52413 | Depths:3 | Found Fewe's Food Boutique.
 52603 | Depths:3 | Reached XP level 25. HP: 140/140 MP: 36/36
 52893 | Depths:4 | Identified Wehewkel's Incunabulum of Glamour
 52999 | Depths:4 | Found a glowing golden altar of the Shining One.
 53084 | Depths:4 | Found a one-way gate to the infinite horrors of the Abyss.
 53224 | Depths:4 | Reached skill level 15 in Dodging
 53630 | Depths:4 | Noticed Frederick
 53640 | Depths:4 | Killed Frederick
 53744 | Depths:4 | Paralysed by a floating eye for 3 turns
 53901 | Depths:4 | Found the +8 autumn katana {slice, Clar}
 54243 | Depths:5 | Entered Level 5 of the Depths
 54560 | Depths:5 | Reached skill level 10 in Long Blades
 54560 | Depths:5 | Reached XP level 26. HP: 145/145 MP: 36/36
 55104 | Depths:4 | Got a crude tin ring
 55106 | Depths:4 | Identified the ring "Ekhyifuz" {*Tele Str+2} (You found it
                  | on level 4 of the Depths)
 55304 | Depths:5 | Noticed a juggernaut
 55415 | Depths:3 | Bought pitted gold dragon scales for 2125 gold pieces
 55426 | Depths:3 | Identified the +6 gold dragon scales "Leweif" {*Slow +Fly
                  | rPois rF+ rC+ Dex+2} (You bought it in a shop on level 3 of
                  | the Depths)
 55582 | Depths:5 | Killed a juggernaut
 55873 | Depths:5 | Found a gate to the Realm of Zot.
 56430 | Crypt:1  | Entered Level 1 of the Crypt
 57254 | Crypt:2  | Got a steaming scale mail
 57255 | Crypt:2  | Identified the +7 scale mail of the Other World {*Drain
                  | +Inv rN+} (You found it on level 2 of the Crypt)
 57440 | Crypt:2  | Reached XP level 27. HP: 151/151 MP: 36/36
 57488 | Crypt:2  | Found a runed door.
 57491 | Crypt:2  | Noticed Nar Nywk's ghost (adept GrFi)
 58339 | Crypt:3  | Entered Level 3 of the Crypt
 58412 | Crypt:3  | Reached skill level 18 in Fighting
 58747 | Crypt:3  | Got a heavily runed bone ring
 58747 | Crypt:3  | Got a transparent bronze ring
 58747 | Crypt:3  | Got a crude lead ring
 58754 | Crypt:3  | Identified the ring of Tomorrow {rN+ Str+4 Slay+3} (You
                  | found it on level 3 of the Crypt)
 58756 | Crypt:3  | Identified the ring "Isosiaby" {rC- rN+ MR++} (You found it
                  | on level 3 of the Crypt)
 58761 | Crypt:3  | Identified the ring "Uler" {+Blink rN+} (You found it on
                  | level 3 of the Crypt)
 59068 | Crypt:3  | Identified the amulet "Ezutea" {rC+ Regen+ Str+4} (You
                  | found it on level 3 of the Crypt)
 59615 | Crypt:3  | Noticed an ancient lich
 59621 | Crypt:3  | Killed an ancient lich
 59737 | Crypt:3  | Found a staircase to the Tomb.
 59906 | Crypt:3  | Noticed an ancient lich
 59920 | Crypt:3  | Killed an ancient lich
 59927 | Crypt:3  | Noticed an ancient lich
 59940 | Crypt:3  | Killed an ancient lich
 59972 | Crypt:3  | Found the ring of Robustness {AC+8}
 60774 | Hell     | Entered the Vestibule of Hell
 60774 | Hell     | Noticed Geryon
 60799 | Hell     | Killed Geryon
 60993 | Hell     | Found a gateway to the Iron City of Dis.
 61089 | Hell     | Found a gateway to the decaying netherworld of Tartarus.
 61165 | Hell     | Found a gateway to the freezing wastes of Cocytus.
 61294 | Hell     | Found a gateway to the ashen valley of Gehenna.
 61698 | Vaults:3 | Bought a scroll of enchant armour for 127 gold pieces
 61721 | Vaults:3 | Bought 2 scrolls of enchant weapon for 210 gold pieces
 61773 | Vaults:5 | Entered Level 5 of the Vaults
 61836 | Vaults:5 | Noticed an ancient lich
 61857 | Vaults:4 | Killed an ancient lich
 61901 | Vaults:5 | Reached skill level 19 in Fighting
 61902 | Vaults:5 | Noticed an ancient lich
 61915 | Vaults:5 | Killed an ancient lich
 62014 | Vaults:5 | Learned a level 1 spell: Summon Butterflies
 62137 | Vaults:5 | Reached skill level 1 in Spellcasting
 62137 | Vaults:5 | Reached skill level 1 in Summonings
 62247 | Vaults:5 | Identified the ring of the Cicada {rElec rPois Int+2 SInv}
                  | (You found it on level 5 of the Vaults)
 62363 | Vaults:5 | Got a silver rune of Zot
 62475 | Vaults:5 | Reached skill level 5 in Spellcasting
 62475 | Vaults:5 | Reached skill level 5 in Summonings
 62789 | Vaults:5 | Found the +3 Elemental Staff {rElec rF++ rC++ MR++ AC+5}
 62823 | Vaults:5 | Noticed an ancient lich
 62830 | Vaults:5 | Killed an ancient lich
 62963 | Vaults:5 | Reached skill level 10 in Summonings
 63173 | Vaults:5 | Identified the Catalogue of Self-Improvement
 63596 | Vaults:5 | Identified the +0 pair of gloves of the Thistle {-Cast +Inv
                  | MP+9 Int+5} (You found it on level 5 of the Vaults)
 64180 | Zot:1    | Entered Level 1 of the Realm of Zot
 64218 | Zot:1    | Noticed an orb of fire
 64240 | Zot:1    | Killed an orb of fire
 64986 | Zot:1    | Reached skill level 15 in Long Blades
 65324 | Zot:2    | Noticed an orb of fire
 65339 | Zot:2    | Killed an orb of fire
 66274 | Zot:2    | Noticed an orb of fire
 66292 | Zot:2    | Killed an orb of fire
 67472 | Zot:3    | Identified the +7 halberd of the Purple Skies {antimagic,
                  | rF+ rN+ Stlth+} (You found it on level 3 of the Realm of
                  | Zot)
 67663 | Zot:3    | Identified the Grimoire of Earthen Black Secrets
 68118 | Zot:4    | Identified the cursed +1 scale mail "Zade" {rElec Dex+7}
                  | (You found it on level 4 of the Realm of Zot)
 68540 | Zot:5    | Entered Level 5 of the Realm of Zot
 69181 | Zot:5    | Upgraded the game from 0.23-a0-175-g97aacdb to
                  | 0.23-a0-180-ga5275e7
 69922 | Lair:6   | Reached skill level 20 in Fighting
 69936 | Slime:1  | Entered Level 1 of the Pits of Slime
 70288 | Slime:3  | Noticed Dissolution
 70297 | Slime:2  | Killed Dissolution
 70354 | Slime:3  | Gained mutation: Your magical capacity is low. (-10% MP) [a
                  | shining eye]
 70772 | Slime:4  | Gained mutation: Your body sometimes deteriorates upon
                  | taking damage. [a shining eye]
 70773 | Slime:4  | Gained mutation: You are clumsy. (Dex -2) [a shining eye]
 70852 | Lair:6   | Upgraded the game from 0.23-a0-180-ga5275e7 to
                  | 0.23-a0-181-g24f899a
 70962 | Lair:1   | Lost mutation: You are clumsy. (Dex -2) [potion of
                  | mutation]
 70962 | Lair:1   | Lost mutation: Your body sometimes deteriorates upon taking
                  | damage. [potion of mutation]
 70962 | Lair:1   | Gained mutation: You are agile. (Dex +2) [potion of
                  | mutation]
 70962 | Lair:1   | Gained mutation: Your body sometimes deteriorates upon
                  | taking damage. [potion of mutation]
 70962 | Lair:1   | Gained mutation: You have large cloven feet. [potion of
                  | mutation]
 70962 | Lair:1   | Gained mutation: You are partially covered in icy blue
                  | scales. (AC +2) [potion of mutation]
 70963 | Lair:1   | Lost mutation: Your body sometimes deteriorates upon taking
                  | damage. [potion of mutation]
 70963 | Lair:1   | Lost mutation: You are weak. (Str -2) [potion of mutation]
 70963 | Lair:1   | Lost mutation: You are partially covered in icy blue
                  | scales. (AC +2) [potion of mutation]
 70963 | Lair:1   | Lost mutation: You have large cloven feet. [potion of
                  | mutation]
 70963 | Lair:1   | Gained mutation: You are very agile. (Dex +4) [potion of
                  | mutation]
 70963 | Lair:1   | Lost mutation: Your magical capacity is low. (-10% MP)
                  | [potion of mutation]
 71383 | Slime:5  | Entered Level 5 of the Pits of Slime
 71510 | Slime:5  | Noticed the Royal Jelly
 71524 | Slime:5  | Killed the Royal Jelly
 71837 | Slime:5  | Paralysed by a floating eye for 3 turns
 71950 | Slime:5  | Found the +5 robe of Night {Dark MR+ SInv}
 71951 | Slime:5  | Got a wavering copper ring
 71953 | Slime:5  | Identified the ring of Puggiguf {+Fly Str+2 Int+2} (You
                  | found it on level 5 of the Pits of Slime)
 72026 | Slime:5  | Got a slimy rune of Zot
 72906 | Crypt:2  | Killed Nar Nywk's ghost
 73324 | Depths:3 | Bought a pair of jewelled gloves for 237 gold pieces
 73335 | Depths:3 | Identified the +1 pair of gloves of Esewnaz {Str+5} (You
                  | bought it in a shop on level 3 of the Depths)
 73397 | Depths:4 | Learned a level 1 spell: Apportation
 73399 | Depths:4 | Voluntarily entered the Abyss.
 73404 | Abyss:1  | Found a corrupted altar of Lugonu.
 73410 | Abyss:1  | Found a roughly hewn altar of Beogh.
 73438 | Abyss:1  | Reached skill level 1 in Translocations
 73624 | Depths:4 | Escaped the Abyss
 73651 | Depths:4 | Voluntarily entered the Abyss.
 73992 | Abyss:1  | Found a corrupted altar of Lugonu.
 74191 | Abyss:1  | Paralysed by accursed screaming for 1 turns
 74333 | Abyss:1  | Upgraded the game from 0.23-a0-181-g24f899a to
                  | 0.23-a0-182-g58cdd98
 74681 | Abyss:1  | Reached skill level 5 in Translocations
 75048 | Abyss:2  | Got a shimmering great sword
 75052 | Abyss:2  | Identified the +10 great sword of Instant Death {slice,
                  | Int+6} (You found it on level 2 of the Abyss)
 75061 | Abyss:2  | Got a bloodstained long sword
 75062 | Abyss:2  | Identified the +5 long sword of the Madman {slice, +Blink
                  | rElec rF++ Stlth-} (You acquired it on level 2 of the
                  | Abyss)
 75421 | Abyss:3  | Got an abyssal rune of Zot
 75552 | Abyss:3  | Gained mutation: Your magical capacity is low. (-10% MP) [a
                  | neqoxec]
 75652 | Depths:4 | Escaped the Abyss
 75781 | Coc:1    | Entered Level 1 of Cocytus
 76736 | Coc:5    | Lost mutation: You are very agile. (Dex +4) [mutagenic
                  | glow]
 76762 | Coc:5    | Gained mutation: You are weak. (Str -2) [mutagenic glow]
 76880 | Coc:7    | Entered Level 7 of Cocytus
 77508 | Coc:7    | Reached skill level 21 in Fighting
 77734 | Coc:7    | Noticed Antaeus
 77774 | Coc:7    | Killed Antaeus
 77776 | Coc:7    | Got a faintly glowing turquoise ring
 77777 | Coc:7    | Identified the ring "Oggis" {*Tele *Slow rPois rN+++ SInv}
                  | (You took it off Antaeus on level 7 of Cocytus)
 77976 | Coc:7    | Got an icy rune of Zot
 78233 | Dis:1    | Entered Level 1 of the Iron City of Dis
 78279 | Tar:1    | Entered Level 1 of Tartarus
 78650 | Tar:3    | Gained mutation: Armour fits poorly on your strangely
                  | shaped body. [a neqoxec]
 79570 | Tar:7    | Entered Level 7 of Tartarus
 80796 | Tar:7    | Noticed Ereshkigal
 80804 | Tar:7    | Killed Ereshkigal
 80897 | Tar:7    | Got a bone rune of Zot
 81887 | Tar:7    | Reached skill level 22 in Fighting
 81989 | Tar:7    | Got a scorched tin amulet
 81990 | Tar:7    | Identified the amulet "Jiuf" {+Rage +Inv} (You found it on
                  | level 7 of Tartarus)
 82322 | Hell     | Upgraded the game from 0.23-a0-182-g58cdd98 to
                  | 0.23-a0-183-gf37f6fb
 82610 | Orc:2    | Bought a runed large shield for 285 gold pieces
 82822 | Geh:1    | Entered Level 1 of Gehenna
 82996 | Geh:1    | Found a huge runed gate.
 82996 | Geh:1    | Found a huge runed gate.
 83031 | Geh:1    | Found a huge runed gate.
 83032 | Geh:1    | Found a huge runed gate.
 83032 | Geh:1    | Found a huge runed gate.
 83040 | Geh:1    | Found a huge runed gate.
 83143 | Geh:2    | Reached skill level 23 in Fighting
 83585 | Geh:2    | Reached skill level 15 in Evocations
 83857 | Geh:7    | Entered Level 7 of Gehenna
 84251 | Geh:7    | Noticed the Serpent of Hell
 84280 | Geh:7    | Killed the Serpent of Hell
 84352 | Geh:7    | Identified the Tome of Toxic Transmutation
 84461 | Geh:7    | Noticed Asmodeus
 84982 | Geh:7    | Killed Asmodeus
 85007 | Geh:7    | Found the +8 frozen axe "Frostbite" {freezing cloud, *Noise
                  | +Fly rC+}
 85007 | Geh:7    | Found the +3 crown of Dyrovepreva {rElec Int+2 SInv}
 85020 | Geh:7    | Identified the Catalogue of Evil Companions
 85068 | Geh:7    | Got a crude great sword
 85069 | Geh:7    | Identified the +6 great sword of Harmony {flame, Int+3}
                  | (You found it on level 7 of Gehenna)
 85175 | Geh:7    | Got an obsidian rune of Zot
 86460 | Dis:5    | Reached skill level 15 in Stealth
 86964 | Dis:6    | Found a huge runed gate.
 86964 | Dis:6    | Found a huge runed gate.
 88778 | Dis:7    | Entered Level 7 of the Iron City of Dis
 89476 | Dis:7    | Found the amulet of Vitality {Regen+ HP+15}
 90265 | Dis:7    | Gained mutation: Your magical capacity is very low. (-20%
                  | MP) [a cacodemon]
 90578 | Dis:7    | Gained mutation: You are occasionally teleported next to
                  | monsters. [a cacodemon]
 90846 | Lair:1   | Lost mutation: Your magical capacity is very low. (-20% MP)
                  | [potion of mutation]
 90846 | Lair:1   | Lost mutation: You are weak. (Str -2) [potion of mutation]
 90846 | Lair:1   | Lost mutation: Armour fits poorly on your strangely shaped
                  | body. [potion of mutation]
 90846 | Lair:1   | Lost mutation: You are agile. (Dex +2) [potion of mutation]
 90846 | Lair:1   | Gained mutation: You occasionally shout uncontrollably at
                  | your foes. [potion of mutation]
 90846 | Lair:1   | Gained mutation: You have a somewhat thin skeletal
                  | structure. (Dex +2, Stealth) [potion of mutation]
 90847 | Lair:1   | Lost mutation: Your magical capacity is low. (-10% MP)
                  | [potion of mutation]
 90847 | Lair:1   | Lost mutation: You are occasionally teleported next to
                  | monsters. [potion of mutation]
 90847 | Lair:1   | Gained mutation: Armour fits poorly on your strangely
                  | shaped body. [potion of mutation]
 90847 | Lair:1   | Gained mutation: Your magical capacity is low. (-10% MP)
                  | [potion of mutation]
 90847 | Lair:1   | Gained mutation: You can translocate small distances at
                  | will. [potion of mutation]
 90848 | Lair:1   | Lost mutation: Armour fits poorly on your strangely shaped
                  | body. [potion of mutation]
 90848 | Lair:1   | Lost mutation: Your magical capacity is low. (-10% MP)
                  | [potion of mutation]
 90848 | Lair:1   | Gained mutation: Your spells are a little harder to cast,
                  | but a little more powerful. [potion of mutation]
 90848 | Lair:1   | Gained mutation: Your mind is acute. (Int +2) [potion of
                  | mutation]
 91636 | Dis:7    | Noticed Dispater
 91648 | Dis:7    | Killed Dispater
 91813 | Dis:7    | Got an iron rune of Zot
 92128 | Vaults:3 | Bought a scroll of identify for 28 gold pieces
 92128 | Vaults:3 | Bought a scroll of identify for 28 gold pieces
 92128 | Vaults:3 | Bought a scroll of identify for 28 gold pieces
 92128 | Vaults:3 | Bought 3 scrolls of magic mapping for 147 gold pieces
 92128 | Vaults:3 | Bought a scroll of identify for 28 gold pieces
 92128 | Vaults:3 | Bought a scroll of identify for 28 gold pieces
 92150 | Vaults:3 | Bought a scroll of remove curse for 51 gold pieces
 92150 | Vaults:3 | Bought a scroll of identify for 34 gold pieces
 92150 | Vaults:3 | Bought a scroll of holy word for 127 gold pieces
 92184 | Vaults:3 | Bought a wand of acid (9) for 546 gold pieces
 92391 | Depths:2 | Learned a level 5 spell: Aura of Abjuration
 92392 | Pan      | Entered Pandemonium
 92557 | Pan      | Found an exit through the horrors of the Abyss.
 92658 | Pan      | Noticed Johoorgh the pandemonium lord
 92666 | Pan      | Killed Johoorgh the pandemonium lord
 92666 | Pan      | Reached skill level 24 in Fighting
 92722 | Pan      | Learned a level 6 spell: Shadow Creatures
 92766 | Pan      | Noticed Duntiax the pandemonium lord
 92874 | Pan      | Entered the realm of Mnoleg.
 92961 | Pan      | Gained mutation: You are frail. (-10% HP) [a cacodemon]
 92985 | Pan      | Gained mutation: You are weak. (Str -2) [a cacodemon]
 93046 | Pan      | Noticed Mnoleg
 93048 | Pan      | Killed Mnoleg
 93058 | Pan      | Gained mutation: You tend to lose your temper in combat. [a
                  | neqoxec]
 93064 | Pan      | Gained mutation: Your magical capacity is low. (-10% MP) [a
                  | neqoxec]
 93079 | Pan      | Got a glowing rune of Zot
 93112 | Pan      | Gained mutation: Your body sometimes deteriorates upon
                  | taking damage. [a cacodemon]
 93142 | Pan      | Lost mutation: Your magical capacity is low. (-10% MP)
                  | [potion of mutation]
 93142 | Pan      | Lost mutation: Your body sometimes deteriorates upon taking
                  | damage. [potion of mutation]
 93142 | Pan      | Lost mutation: Your mind is acute. (Int +2) [potion of
                  | mutation]
 93142 | Pan      | Lost mutation: You are frail. (-10% HP) [potion of
                  | mutation]
 93142 | Pan      | Gained mutation: Your mind is acute. (Int +2) [potion of
                  | mutation]
 93143 | Pan      | Lost mutation: You can translocate small distances at will.
                  | [potion of mutation]
 93143 | Pan      | Lost mutation: Your spells are a little harder to cast, but
                  | a little more powerful. [potion of mutation]
 93143 | Pan      | Lost mutation: You tend to lose your temper in combat.
                  | [potion of mutation]
 93143 | Pan      | Gained mutation: You have a pair of small horns on your
                  | head. [potion of mutation]
 93262 | Pan      | Found an exit through the horrors of the Abyss.
 93300 | Pan      | Noticed Ruosuymn the pandemonium lord
 93304 | Pan      | Killed Ruosuymn the pandemonium lord
 93334 | Pan      | Entered the realm of Lom Lobon.
 93334 | Pan      | Found an exit through the horrors of the Abyss.
 93357 | Pan      | Reached skill level 10 in Translocations
 94041 | Pan      | Noticed Lom Lobon
 94049 | Pan      | Got a magical rune of Zot
 94068 | Pan      | Killed Lom Lobon
 94511 | Pan      | Found an exit through the horrors of the Abyss.
 94569 | Pan      | Noticed Cotyhu the pandemonium lord
 94578 | Pan      | Killed Cotyhu the pandemonium lord
 94604 | Pan      | Reached skill level 10 in Spellcasting
 94613 | Pan      | Entered the realm of Gloorx Vloq.
 94613 | Pan      | Found an exit through the horrors of the Abyss.
 95272 | Pan      | Reached skill level 15 in Summonings
 95395 | Pan      | Noticed Gloorx Vloq
 95427 | Pan      | Killed Gloorx Vloq
 95444 | Pan      | Got a dark rune of Zot
 95644 | Depths:2 | Escaped Pandemonium
 95670 | Pan      | Entered the realm of Cerebov.
 95670 | Pan      | Entered Pandemonium
 95705 | Pan      | Identified Easy Sorcery
 95714 | Pan      | Identified the +0 pair of gloves "Nihosch" {rF+ rCorr Dex+3
                  | SInv} (You found it in Pandemonium)
 95867 | Pan      | Found an exit through the horrors of the Abyss.
 96100 | Pan      | Noticed Cerebov
 96101 | Pan      | Killed Cerebov
 96199 | Pan      | Identified the Reference Book on the Rocks and the Arsonist
 96261 | Pan      | Got a brightly glowing granite ring
 96282 | Pan      | Identified the ring "Xeif" {rCorr Str+6} (You found it in
                  | Pandemonium)
 96303 | Pan      | Got a fiery rune of Zot
 96759 | Pan      | Noticed Ingiod the pandemonium lord
 96772 | Pan      | Killed Ingiod the pandemonium lord
 96779 | Pan      | Found an exit through the horrors of the Abyss.
 97153 | Pan      | Noticed Pionu the pandemonium lord
 97176 | Pan      | Killed Pionu the pandemonium lord
 97207 | Pan      | Got a transparent double sword
 97208 | Pan      | Identified the +5 double sword "Eczealui" {freeze, *Rage
                  | rElec rC+} (You acquired it in Pandemonium)
 97224 | Pan      | Found an exit through the horrors of the Abyss.
 97304 | Pan      | Noticed Koerov the pandemonium lord
 97332 | Pan      | Killed Koerov the pandemonium lord
 97564 | Pan      | Found an exit through the horrors of the Abyss.
 97571 | Pan      | Upgraded the game from 0.23-a0-183-gf37f6fb to
                  | 0.23-a0-207-g93a313e
 97781 | Pan      | Found an exit through the horrors of the Abyss.
 97834 | Pan      | Noticed Gioc the pandemonium lord
 97844 | Pan      | Killed Gioc the pandemonium lord
 98240 | Pan      | Noticed Aniucvyn the pandemonium lord
 98297 | Pan      | Found an exit through the horrors of the Abyss.
 98355 | Pan      | Found a runed door.
 98368 | Pan      | Found a runed door.
 98409 | Pan      | Found a runed door.
 98443 | Pan      | Found a runed door.
 98887 | Pan      | Noticed Ivami the pandemonium lord
 98907 | Pan      | Killed Ivami the pandemonium lord
 98987 | Pan      | Lost mutation: Your mind is acute. (Int +2) [a cacodemon]
 98994 | Pan      | Gained mutation: Your body sometimes deteriorates upon
                  | taking damage. [a cacodemon]
 99215 | Pan      | Noticed Jontal the pandemonium lord
 99230 | Pan      | Found a runed door.
 99308 | Pan      | Gained mutation: You are frail. (-10% HP) [a neqoxec]
 99400 | Pan      | Reached skill level 25 in Fighting
 99816 | Pan      | Found an exit through the horrors of the Abyss.
100298 | Pan      | Lost mutation: Your body sometimes deteriorates upon taking
                  | damage. [potion of mutation]
100298 | Pan      | Lost mutation: You are weak. (Str -2) [potion of mutation]
100298 | Pan      | Lost mutation: You have a pair of small horns on your head.
                  | [potion of mutation]
100298 | Pan      | Gained mutation: You possess an exceptional clarity of
                  | mind. [potion of mutation]
100445 | Pan      | Reached skill level 26 in Fighting
100446 | Pan      | Noticed Jiuw the pandemonium lord
100454 | Pan      | Killed Jiuw the pandemonium lord
100644 | Pan      | Noticed Ucso the pandemonium lord
100786 | Pan      | Noticed Mennas
100807 | Pan      | Killed Mennas
101168 | Pan      | Reached skill level 27 in Fighting
102492 | Pan      | Found a glowing silver altar of Zin.
102743 | Pan      | Found a white marble altar of Elyvilon.
103410 | Pan      | Noticed a seraph
103450 | Pan      | Killed a seraph
103469 | Pan      | Found a glowing golden altar of the Shining One.
103474 | Pan      | Got a smoking gossamer ring
103485 | Pan      | Got a demonic rune of Zot
103490 | Pan      | Identified the Guide on Evil Magic
103504 | Pan      | Identified the ring "Plog" {MP+9 SInv} (You took it off a
                  | cherub in Pandemonium)
103574 | Depths:2 | Escaped Pandemonium
104389 | Zot:5    | Noticed an ancient lich
104395 | Zot:5    | Killed an ancient lich
104525 | Zot:5    | Got a faintly glowing brass ring
104528 | Zot:5    | Identified the ring "Kishamno" {*Slow rPois rN+ Str+2
                  | Dex+3} (You took it off a yellow draconian on level 5 of
                  | the Realm of Zot)
104569 | Zot:5    | Noticed an orb of fire
104588 | Zot:5    | Killed an orb of fire
104685 | Zot:5    | Noticed an orb of fire
104752 | Zot:5    | Noticed an orb of fire
104775 | Zot:5    | Killed an orb of fire
104938 | Zot:5    | Killed an orb of fire
105173 | Zot:5    | Got the Orb of Zot
105215 | Zot:5    | Noticed an ancient lich
105220 | Zot:5    | Killed an ancient lich
105228 | Zot:5    | Noticed an orb of fire
105254 | Zot:5    | Gained mutation: Your body sometimes deteriorates upon
                  | taking damage. [an orb of fire]
105259 | Zot:5    | Killed an orb of fire
105304 | Zot:3    | Noticed Kethet the pandemonium lord
105315 | Zot:3    | Killed Kethet the pandemonium lord
105982 | D:1      | Lost mutation: You are frail. (-10% HP) [potion of
                  | mutation]
105982 | D:1      | Lost mutation: You possess an exceptional clarity of mind.
                  | [potion of mutation]
105982 | D:1      | Gained mutation: You have supernaturally acute eyesight.
                  | (SInv) [potion of mutation]
105982 | D:1      | Gained mutation: You are dopey. (Int -2) [potion of
                  | mutation]
105982 | D:1      | Gained mutation: Armour fits poorly on your strangely
                  | shaped body. [potion of mutation]
105982 | D:1      | Lost mutation: You are dopey. (Int -2) [potion of mutation]
105983 | D:1      | Lost mutation: Armour fits poorly on your strangely shaped
                  | body. [potion of mutation]
105983 | D:1      | Lost mutation: Your body sometimes deteriorates upon taking
                  | damage. [potion of mutation]
105983 | D:1      | Lost mutation: You have a somewhat thin skeletal structure.
                  | (Dex +2, Stealth) [potion of mutation]
105983 | D:1      | Lost mutation: You occasionally shout uncontrollably at
                  | your foes. [potion of mutation]
105983 | D:1      | Gained mutation: Your mind is acute. (Int +2) [potion of
                  | mutation]
105983 | D:1      | Gained mutation: You are frail. (-10% HP) [potion of
                  | mutation]
105983 | D:1      | Gained mutation: You are covered in fur. (AC +1) [potion of
                  | mutation]
105984 | D:1      | Lost mutation: Your mind is acute. (Int +2) [potion of
                  | mutation]
105984 | D:1      | Lost mutation: You are frail. (-10% HP) [potion of
                  | mutation]
105984 | D:1      | Gained mutation: You expend magic power (3 MP) to
                  | strengthen your wands. [potion of mutation]
105984 | D:1      | Gained mutation: You are agile. (Dex +2) [potion of
                  | mutation]
105984 | D:1      | Gained mutation: You have a pair of small horns on your
                  | head. [potion of mutation]
105986 | D:$      | Escaped with the Orb!

Vault maps used:
D:1:      lightli_arrival_chessboard, kennysheep_flooded_box, minmay_quantized
D:2:      lemuel_round_altar, first_ration
D:3:      nicolae_dithmenos_through_a_glass_darkly, grunt_temple_overflow_open,
          minmay_misc_feat_doors, minivault_23, minmay_stone_trees_medium,
          minmay_cut_off
D:4:      nemelex_xobeh_ov_fountains_minmay, serial_shops, kennysheep_mini,
          shop, shop, minmay_misc_feat_tiny, uniq_eustachio
D:5:      temple_hall, basic_altar, serial_shops, nicolae_shop_stone
D:6:      cheibrodos_sewer_entry_bend, basic_altar, corner_web_ring,
          hangedman_decor_push, uniq_grinder
D:8:      grunt_lair_entry_orc_guard_hut, uniq_maurice, uniq_gastronok,
          uniq_harold, uniq_psyche, uniq_erica
D:9:      eat_drink_and_be_merry_uskayaw, vehumet_statue,
          hangedman_pestilent_swarm
D:10:     nooodl_food_tri
D:11:     enter_bailey_3
D:12:     david_orc_5, serial_shops, kennysheep_little_box
D:13:     elyvilon_altar_3
D:14:     david_vaults_4
D:15:     hangedman_depths_entry_try_elsewhere_first,
          hellmonk_ghost_happy_afterlife, uniq_kirke
Temple:   minmay_temple_forest_path
Lair:1:   st_stairs_6, lemuel_fruit_fields, uniq_sonja
Lair:2:   st_stairs_4, grunt_megastairs_4
Lair:3:   swamp_mist, minmay_snake_entry_guardpost_medium, lab_entry_generic,
          serial_forest, infiniplex_forest_zigzag_1, infiniplex_forest_lined_2,
          infiniplex_forest_end_3, infiniplex_forest_lined_room_2,
          infiniplex_forest_straight_3, infiniplex_forest_straight_2,
          infiniplex_forest_clump_large, infiniplex_forest_end_3,
          infiniplex_forest_end_3, infiniplex_forest_end_double
Lair:4:   st_stairs_5, lemuel_fruit_fields
Lair:5:   beast_lair_carwin_3
Lair:6:   minmay_lair_end_frog_pond, slime_altar_2, uniq_rupert
Swamp:1:  serial_swamp_ruin, evilmike_swamp_ruin_house_6,
          evilmike_swamp_ruin_house_3
Swamp:2:  evilmike_swamp_ruin_house_1, swamp_pool1, uniq_nikola
Swamp:3:  portal_ice_cave_entry_dragon, evilmike_swamp_ruin_house_4,
          infiniplex_staircase_pool
Swamp:4:  swamp_alternative
Snake:2:  basic_altar, nicolae_snake_single_loop
Snake:3:  minmay_shoptagon, basic_stair_grate_trap
Snake:4:  snake_pit_salamanders_mu, uniq_asterion
Slime:1:  cheibrodos_slime_lost_civilization_7
Slime:3:  dissolution_awaits
Slime:4:  cheibrodos_slime_lost_civilization_9
Orc:2:    st_orc_congregation, serial_shops, shop
Elf:1:    eino_elf_arrival_customs, minmay_elf_necromancy
Elf:2:    basic_altar, serial_shops, shop, uniq_saint_roka
Elf:3:    minmay_elf_hall_four_x, serial_shops,
          nicolae_shop_competitors_out_of_business
Vaults:1: v_misc_8, vaults_room_hallway, nicolae_vaults_mini_display_case,
          vaults_room_grid, vaults_mumra_minichess, vaults_room_semicircle,
          nicolae_vaults_yaktaur_gun_rack, serial_ice_g, v_misc_9,
          nicolae_vaults_murderbox, serial_shops, shop
Vaults:2: nicolae_vaults_what_the_h, v_misc_27,
          vaults_room_grunt_arrival_ludios, vaults_dpeg_encased_lava,
          nicolae_vaults_border_crossing, v_misc_32, vaults_dpeg_ring,
          nicolae_vaults_shelves_hall, hangedman_vaults_corner,
          minmay_crypt_entry_skeletal_spiral, ontoclasm_vaults_shout,
          nicolae_vaults_rhombus_7, vaults_dpeg_diagonal,
          nicolae_vaults_little_squares_4
Vaults:3: ontoclasm_vaults_loading_screen, v_pattern_4,
          nicolae_vaults_big_angled_halls, vaults_room_pools,
          nicolae_vaults_meeting, grunt_vaults_swirl, vaults_room_fancy_cross,
          v_misc_24, ontoclasm_vaults_chip, serial_shops, bzr_entry_water,
          shop_statue, shop_statue, shop,
          nicolae_shop_temple_entry_statues_fountains
Vaults:4: st_star, hangedman_vaults_stitches, hangedman_vaults_river_flow,
          v_misc_2, hangedman_vaults_slither, vaults_room_mumra_shop_pool,
          ontoclasm_vaults_ring_square, nicolae_vaults_hallways_thing,
          v_misc_17, hangedman_vaults_maws, v_misc_9, nicolae_vaults_gold_heap,
          vaults_room_semicircle, serial_shops, nicolae_shop_waterfront,
          uniq_xtahua
Crypt:1:  grunt_crypt_arrival_guarded_gate
Crypt:2:  gammafunk_ghost_grave
Crypt:3:  quadcrypt_mu
Depths:1: corexii_hall_statues_l, pf_coc_iceberg, interstate_on_off,
          kennysheep_generic_room_14
Depths:2: hangedman_six_sided_sadism, enter_ziggurat_a, serial_sigils,
          serial_sigils_hangedman_scar, serial_sigils_hangedman_snap,
          serial_sigils_hangedman_stare, serial_sigils_hangedman_shear,
          serial_sigils_hangedman_leer, hell_entry, grunt_pan_entry_zigzag
Depths:3: grunt_crosshair, serial_shops, shop, shop, shop, shop,
          nicolae_shop_waterfront, minmay_misc_feat_hallway,
          rand_demon_pan_entry_8, hangedman_geh_valley, serial_bayou_shore_b,
          infiniplex_staircase_pillars_1
Depths:4: minmay_nested_s, minmay_room_of_horrors, grunt_hell_entry_dis_grunt,
          minmay_misc_feat_room, tso_metal_star, uniq_frederick
Depths:5: grunt_runaround, hell_entry
Dis:3:    hangedman_dis_decor_tower
Dis:4:    nrook_loot_triangle
Dis:5:    lemuel_dis_dragons
Dis:6:    door_vault
Dis:7:    dis_st
Geh:1:    door_vault
Geh:7:    geh_mu
Coc:1:    grunt_deathspiral_small
Coc:7:    coc_grunt_cove
Tar:1:    grunt_megastairs_3
Tar:3:    lemuel_nasty_fountain
Tar:6:    grunt_megastairs_5
Tar:7:    tar_mu
Zot:1:    minmay_elemental_castle
Zot:2:    grunt_zot_stairs_mandelzot
Zot:3:    kennysheep_six_static_rooms, st_single_dragon_hoard_3
Abyss:1:  evilmike_abyss_exit_15
Abyss:2:  hangedman_stitches_earthworm
Abyss:3:  dshaligram_kb_abyss_rune_zappy_water_cross,
          guppyfry_abyss_exit_glass_guarded
Pan:      nicolae_pan_door_chamber, pan_blood_fountain_small,
          pan_blood_fountain, rand_demon_1, evilmike_mini_pan_doors,
          evilmike_mini_pan_3x3, evilmike_mini_pan_doors_b,
          pan_blood_fountain_small, nicolae_pan_gloorx_vloqian_2,
          grunt_pan_zigzag, rand_demon_4, nicolae_pan_sigil_eeng,
          nicolae_pan_hourglass, nicolae_pan_mnolegish_5, mnoleg, pan_surprise,
          nicolae_pan_door_chamber, nicolae_pan_cerebovesque_4, lom_lobon_st,
          gammafunk_dig_for_victory, rand_demon_2, grunt_pan_frozen_over,
          nicolae_pan_glass_arcs, pan_blood_fountain_small,
          evilmike_gloorx_vloq_box, evilmike_mini_pan_thingy,
          cerebov_grunt_fire_and_steel, rand_demon_3,
          evilmike_mini_pan_branches, reaverb_pan_figure_eight,
          evilmike_mini_pan_possible_glass, rand_demon_8,
          nicolae_pan_lom_lobonic_2, evilmike_mini_pan_doors, grunt_pan_sceptre,
          evilmike_mini_pan_doors, nicolae_pan_hourglass,
          nicolae_pan_gloorx_vloqian_1, nicolae_pan_sigil_uleosi,
          grunt_pan_sceptre, pan_blood_fountain, evilmike_mini_pan_corridor,
          pan_blood_fountain, nicolae_pan_cerebovesque_1, rand_demon_9,
          rand_demon_5, rand_demon_9, pan_blood_fountain_small,
          nicolae_pan_mnolegish_5, pan_captured_pigsty,
          evilmike_mini_pan_branches, nicolae_pan_mnolegish_5,
          grunt_pan_in_and_out, pan_blood_fountain_small,
          evilmike_mini_pan_diamond, rand_demon_7, lemuel_hellion_island,
          pan_blood_fountain_small, evilmike_mini_pan_doors_b,
          nicolae_pan_giant_door, pan_blood_fountain,
          nicolae_pan_cerebovesque_1, nicolae_pan_sigil_nadil, rand_demon_3,
          pan_blood_fountain_2, grunt_pan_spiral, pan_blood_fountain,
          grunt_pan_pentagram, pan_blood_fountain_small, rand_demon_7,
          pan_blood_fountain_small, evilmike_mini_pan_V, nicolae_pan_sigil_itan,
          rand_demon_3, nicolae_pan_strange_glyphs, rand_demon_5,
          evilmike_mini_pan_branches, nicolae_pan_gloorx_vloqian_2,
          evilmike_mini_pan_branches, nicolae_pan_gloorx_vloqian_3,
          grunt_pan_sceptre, evilmike_mini_pan_T, nicolae_pan_glass_arcs,
          nicolae_pan_gloorx_vloqian_2, grunt_pan_pentagram,
          evilmike_mini_pan_layers, uniq_mennas_pan, nicolae_pan_giant_door,
          pan_disco_hall, evilmike_holy_pan
Lab:      nicolae_lab_diamond
Bazaar:   bazaar_minmay_row
Sewer:    kennysheep_door_sewer
Bailey:   bailey_polearm_4, bailey
IceCv:    ice_cave_statue_garden_chambered

Skill      XL: |  1  2  3  4  5  6  7  8  9 10 11 12 13 14 15 16 17 18 19 20 21 22 23 24 25 26 27 |
---------------+----------------------------------------------------------------------------------+-----
Short Blades   | 2 3 4 5 6 7 9 10 11 12 13 14 15 18 | 18.0
Shields        | 3 4 5 6 7 8 9 10 11 12 14 15 16 17 25 | 25.0
Fighting       | 3 4 5 6 7 8 9 11 12 13 15 16 17 27 | 27.0
Armour         | 3 4 5 6 7 8 10 12 14 15 16 17 21 | 21.0
Stealth        | 1 2 3 4 5 6 7 9 10 22 | 22.7
Evocations     | 1 3 4 5 6 8 9 10 12 16 | 16.0
Dodging        | 1 2 3 5 6 8 10 12 14 15 22 | 22.0
Invocations    | 3 6 8 10 12 14 15 16 17 26 | 26.9
Long Blades    | 5 10 15 | 15.5
Spellcasting   | 10 | 10.0
Summonings     | 19 | 19.0
Translocations | 10 | 10.0

Action                   |  1- 3 |  4- 6 |  7- 9 | 10-12 | 13-15 | 16-18 | 19-21 | 22-24 | 25-27 || total
-------------------------+-------+-------+-------+-------+-------+-------+-------+-------+-------++-------
Melee: Rapier            |    96 |   141 |   318 |   557 |    92 |   361 |  1199 |  1367 |  7528 || 11659
       Bite              |    31 |    38 |   120 |   231 |   519 |   594 |   568 |   669 |  5235 ||  8005
       Dagger            |       |       |       |    24 |       |       |    56 |       |       ||    80
       Scimitar          |       |       |       |     9 |    19 |       |       |       |   666 ||   694
       Short sword       |       |       |       |       |  1207 |   809 |       |       |       ||  2016
       Quick blade       |       |       |       |       |       |   241 |       |       |       ||   241
       Long sword        |       |       |       |       |       |       |       |       |   932 ||   932
       Headbutt          |       |       |       |       |       |       |       |       |   504 ||   504
       Eudemon blade     |       |       |       |       |       |       |       |       |    75 ||    75
       Katana            |       |       |       |       |       |       |       |       |    61 ||    61
Throw: Throwing net      |       |       |     2 |       |       |       |       |       |       ||     2
       Stone             |       |       |       |     9 |       |       |       |       |       ||     9
       Javelin           |       |       |       |       |       |     2 |    15 |       |     5 ||    22
 Cast: Summon Butterflie |       |       |       |       |       |       |       |       |    50 ||    50
       Apportation       |       |       |       |       |       |       |       |       |    42 ||    42
       Shadow Creatures  |       |       |       |       |       |       |       |       |     2 ||     2
Invok: Line Pass         |       |       |       |     6 |     9 |     9 |       |     3 |    31 ||    58
       Stomp             |       |       |       |       |     3 |     6 |    21 |     6 |    46 ||    82
       Grand Finale      |       |       |       |       |     1 |       |     1 |     3 |    25 ||    30
 Abil: Evoke Invisibilit |       |       |       |       |     7 |     8 |       |       |       ||    15
       Evoke Flight      |       |       |       |       |       |       |       |       |    14 ||    14
       Stop Flying       |       |       |       |       |       |       |       |       |     1 ||     1
Evoke: Wand              |       |       |       |    11 |    20 |    42 |     3 |       |    14 ||    90
       Lamp of fire      |       |       |       |       |       |     1 |       |       |       ||     1
       Horn of Geryon    |       |       |       |       |       |       |       |       |     5 ||     5
       Sceptre of Asmode |       |       |       |       |       |       |       |       |     4 ||     4
       Phial of floods   |       |       |       |       |       |       |       |       |     3 ||     3
  Use: Scroll            |     1 |     5 |     5 |    12 |    17 |    11 |    11 |    11 |    74 ||   147
       Potion            |       |     1 |       |     4 |     1 |     2 |       |     1 |    21 ||    30
 Stab: Sleeping          |       |       |     2 |       |     1 |    12 |     7 |       |       ||    22
       Held in net/web   |       |       |     1 |       |       |       |       |       |       ||     1
       Paralysed         |       |       |       |    18 |    81 |    76 |   113 |   134 |   841 ||  1263
       Confused          |       |       |       |     2 |     3 |     1 |       |     3 |    22 ||    31
       Invisible         |       |       |       |       |    19 |    15 |       |       |       ||    34
       Distracted        |       |       |       |       |       |     4 |     2 |       |     2 ||     8
  Eat: Chunk             |     2 |     5 |    11 |    19 |    29 |    60 |    25 |    21 |    97 ||   269
       Ration            |       |       |     1 |     1 |     4 |     1 |       |     3 |    39 ||    49
Armor: Scale mail        |    30 |    50 |   114 |    30 |       |       |       |       |       ||   224
       Chain mail        |       |       |       |   135 |   128 |       |       |       |       ||   263
       Ring mail         |       |       |       |       |   110 |   165 |    62 |       |       ||   337
       Swamp dragon scal |       |       |       |       |       |    39 |       |       |       ||    39
       Plate armour      |       |       |       |       |       |       |   210 |   266 |       ||   476
       Gold dragon scale |       |       |       |       |       |       |       |    51 |  2280 ||  2331
Dodge: Dodged            |    40 |    32 |    83 |   194 |   430 |   433 |   331 |   442 |  2443 ||  4428
Block: Shield            |    35 |    70 |   121 |   312 |   554 |   498 |   480 |   639 |  2406 ||  5115
       Large shield      |       |       |       |       |       |       |       |       |  3690 ||  3690
       Reflection        |       |       |       |       |       |       |       |       |    73 ||    73
       Rpst.: Scimitar   |       |       |       |       |     2 |       |       |       |    39 ||    41
       Long sword        |       |       |       |       |       |       |       |       |    47 ||    47
       Katana            |       |       |       |       |       |       |       |       |     3 ||     3
       Eudemon blade     |       |       |       |       |       |       |       |       |     2 ||     2

Table legend:
 A = Non-vault XP
 B = Vault XP
 C = Vault XP percentage of total XP
 D = Non-vault monster count
 E = Vault monster count
 F = Vault count percentage of total count
                 A         B        C        D         E       F
            +---------+---------+-------+---------+---------+-------
      Total | 2387697 | 1985343 |  45.4 |    3553 |    1731 |  32.8
            +---------+---------+-------+---------+---------+-------
        D:1 |      31 |       3 |   8.8 |      18 |       2 |  10.0
        D:2 |      89 |       0 |   0.0 |      23 |       0 |   0.0
        D:3 |     256 |       8 |   3.0 |      19 |       3 |  13.6
        D:4 |     123 |     185 |  60.1 |       6 |       1 |  14.3
        D:5 |     320 |       0 |   0.0 |      14 |       0 |   0.0
        D:6 |     513 |     295 |  36.5 |      11 |       2 |  15.4
        D:7 |    1080 |     128 |  10.6 |      33 |       1 |   2.9
        D:8 |    2872 |    5489 |  65.7 |      19 |       9 |  32.1
        D:9 |    2848 |     324 |  10.2 |      34 |       2 |   5.6
       D:10 |     139 |     170 |  55.0 |       6 |       2 |  25.0
       D:11 |    7055 |       8 |   0.1 |      46 |       4 |   8.0
       D:12 |    5282 |    1140 |  17.8 |      43 |      24 |  35.8
       D:13 |    6628 |       0 |   0.0 |      20 |       0 |   0.0
       D:14 |    9803 |     758 |   7.2 |      26 |       2 |   7.1
       D:15 |   19867 |    5699 |  22.3 |      42 |       9 |  17.6
     Lair:1 |    3475 |    1028 |  22.8 |      16 |       2 |  11.1
     Lair:2 |    3867 |     903 |  18.9 |      16 |       4 |  20.0
     Lair:3 |    7133 |     811 |  10.2 |      24 |       5 |  17.2
     Lair:4 |    6500 |     103 |   1.6 |      19 |       1 |   5.0
     Lair:5 |    6396 |    2336 |  26.8 |      21 |       5 |  19.2
     Lair:6 |    4474 |   17332 |  79.5 |      20 |      50 |  71.4
    Swamp:1 |   12710 |       0 |   0.0 |      28 |       0 |   0.0
    Swamp:2 |   13301 |    3622 |  21.4 |      34 |       1 |   2.9
    Swamp:3 |    8229 |    6320 |  43.4 |      23 |       7 |  23.3
    Swamp:4 |   11948 |   16688 |  58.3 |      37 |      24 |  39.3
    Snake:1 |   12034 |       0 |   0.0 |      28 |       0 |   0.0
    Snake:2 |   11891 |       0 |   0.0 |      25 |       0 |   0.0
    Snake:3 |   16407 |       0 |   0.0 |      29 |       0 |   0.0
    Snake:4 |   18778 |   56020 |  74.9 |      28 |      71 |  71.7
    Slime:1 |    5008 |       0 |   0.0 |       6 |       0 |   0.0
    Slime:2 |    4764 |   13361 |  73.7 |       8 |       1 |  11.1
    Slime:3 |    9095 |       0 |   0.0 |      17 |       0 |   0.0
    Slime:4 |    4773 |       0 |   0.0 |      10 |       0 |   0.0
    Slime:5 |   13994 |   29819 |  68.1 |      24 |      14 |  36.8
      Orc:1 |    4991 |       0 |   0.0 |      37 |       0 |   0.0
      Orc:2 |    6525 |   11408 |  63.6 |      60 |      68 |  53.1
      Elf:1 |   10400 |    7073 |  40.5 |      17 |      16 |  48.5
      Elf:2 |   15743 |   27295 |  63.4 |      25 |      41 |  62.1
      Elf:3 |   12198 |   53799 |  81.5 |      21 |      37 |  63.8
   Vaults:1 |   29874 |    9778 |  24.7 |      60 |      16 |  21.1
   Vaults:2 |   35116 |   51761 |  59.6 |      76 |      72 |  48.6
   Vaults:3 |   27840 |   23906 |  46.2 |      38 |      25 |  39.7
   Vaults:4 |   36325 |   51200 |  58.5 |      50 |      62 |  55.4
   Vaults:5 |   65092 |  135417 |  67.5 |      88 |      89 |  50.3
    Crypt:1 |   22811 |       0 |   0.0 |      51 |       0 |   0.0
    Crypt:2 |   33797 |    2743 |   7.5 |      48 |       1 |   2.0
    Crypt:3 |       0 |   69830 | 100.0 |       0 |      75 | 100.0
   Depths:1 |   31679 |    1394 |   4.2 |      33 |       1 |   2.9
   Depths:2 |   45718 |   38661 |  45.8 |      58 |      47 |  44.8
   Depths:3 |   53403 |   61413 |  53.5 |      55 |      42 |  43.3
   Depths:4 |   53155 |   87494 |  62.2 |      53 |      73 |  57.9
   Depths:5 |       0 |  119254 | 100.0 |       0 |      83 | 100.0
       Hell |   18149 |   36953 |  67.1 |      25 |      48 |  65.8
      Dis:1 |    5144 |       0 |   0.0 |       5 |       0 |   0.0
      Dis:2 |   34497 |       0 |   0.0 |      68 |       0 |   0.0
      Dis:3 |   30602 |       0 |   0.0 |      55 |       0 |   0.0
      Dis:4 |   14333 |       0 |   0.0 |      24 |       0 |   0.0
      Dis:5 |   28613 |    8869 |  23.7 |      57 |       5 |   8.1
      Dis:6 |   41647 |   11051 |  21.0 |      62 |       9 |  12.7
      Dis:7 |   78125 |  100101 |  56.2 |     111 |      66 |  37.3
      Geh:1 |   27109 |       0 |   0.0 |      53 |       0 |   0.0
      Geh:2 |   66797 |       0 |   0.0 |     103 |       0 |   0.0
      Geh:3 |     714 |       0 |   0.0 |       1 |       0 |   0.0
      Geh:4 |    3857 |       0 |   0.0 |       8 |       0 |   0.0
      Geh:5 |    3638 |       0 |   0.0 |      15 |       0 |   0.0
      Geh:6 |    6406 |       0 |   0.0 |      12 |       0 |   0.0
      Geh:7 |   56404 |   72323 |  56.2 |      82 |      39 |  32.2
      Coc:1 |   14161 |   13249 |  48.3 |      33 |      18 |  35.3
      Coc:2 |   12926 |       0 |   0.0 |      16 |       0 |   0.0
      Coc:3 |    6485 |       0 |   0.0 |       9 |       0 |   0.0
      Coc:4 |   39483 |       0 |   0.0 |      38 |       0 |   0.0
      Coc:5 |    5709 |       0 |   0.0 |      13 |       0 |   0.0
      Coc:6 |    6349 |       0 |   0.0 |      13 |       0 |   0.0
      Coc:7 |   38391 |   71468 |  65.1 |      51 |      56 |  52.3
      Tar:1 |   16842 |       0 |   0.0 |      38 |       0 |   0.0
      Tar:3 |   33253 |       0 |   0.0 |      45 |       0 |   0.0
      Tar:4 |   30631 |       0 |   0.0 |      34 |       0 |   0.0
      Tar:5 |    1452 |       0 |   0.0 |       4 |       0 |   0.0
      Tar:6 |   10022 |     839 |   7.7 |       4 |       2 |  33.3
      Tar:7 |  165405 |  128264 |  43.7 |     119 |      90 |  43.1
      Zot:1 |   56902 |   22529 |  28.4 |      27 |      16 |  37.2
      Zot:2 |   34613 |   40760 |  54.1 |      13 |      21 |  61.8
      Zot:3 |   61287 |   17228 |  21.9 |      32 |       7 |  17.9
      Zot:4 |   63023 |       0 |   0.0 |      45 |       0 |   0.0
      Zot:5 |   87518 |  144127 |  62.2 |      51 |      37 |  42.0
    Abyss:1 |   34359 |    2205 |   6.0 |      92 |       2 |   2.1
    Abyss:2 |   23033 |    5849 |  20.3 |      73 |      13 |  15.1
    Abyss:3 |    6130 |    5331 |  46.5 |      10 |      15 |  60.0
        Pan |  506077 |  380141 |  42.9 |     568 |     261 |  31.5
        Lab |    1261 |     777 |  38.1 |       1 |       4 |  80.0
      Sewer |       0 |     147 | 100.0 |       0 |       6 | 100.0
      IceCv |       0 |    8156 | 100.0 |       0 |      22 | 100.0
            +---------+---------+-------+---------+---------+-------
